 Dungeon Crawl Stone Soup version 0.31-a0-182-gc5ef74bbde (webtiles) character file.

Game seed: 14146769223416894347

271622 qw the Peltast (level 20, -23/137 (139) HPs)
             Began as a Gargoyle Fighter on June 20, 2023.
             Was a High Priest of Okawaru.
             Killed from afar by an ironbound frostheart (41 damage)
             ... by creeping frost
             ... while paralysed by a floating eye
             ... on level 3 of the Vaults.
             The game lasted 00:30:44 (35089 turns).

qw the Peltast (Gargoyle Fighter)                  Turns: 35089, Time: 00:30:45

HP:   -23/137 (139) AC: 53    Str: 31    XL:     20   Next: 64%
MP:   27/27         EV:  2    Int: 11    God:    Okawaru [*****.]
Gold: 1040          SH:  0    Dex:  9    Spells: 19/19 levels left

rFire   + + .        h - +4 war axe (vamp)
rCold   . . .        A - +10 tower shield of Ignorance {rN+ Int-4}
rNeg    + + .        E - +3 plate armour {rF+}
rPois   inf          x - +2 helmet
rElec   +            q - scarf {repulsion}
rCorr   .            I - +1 pair of gloves of the Loofah {*Slow rF+ Str+3 Int+5}
SInv    .            G - +2 pair of boots
Will    +....        i - amulet of Vitality {RegenMP++ Regen++} Stlth
                     z - +4 ring of protection
HPRegen 2.02/turn    n - +5 ring of evasion
MPRegen 1.00/turn

%: slow self (1%), repel missiles
@: paralysed, heroic, flying, slowed, lightly drained
A: sickness immunity, AC +15, big wings, negative energy resistance 1,
electricity resistance, torment resistance 1, petrification resistance
}: 1/15 runes: barnacled
a: Renounce Religion, Heroism, Finesse, Duel


You were on level 3 of the Vaults.
You worshipped Okawaru.
Okawaru was extremely pleased with you.
You visited 7 branches of the dungeon, and saw 33 of its levels.
You visited the Abyss 2 times.
You also visited: Sewer.

You collected 3503 gold pieces.
You spent 2463 gold pieces at shops.


Innate Abilities, Weirdness & Mutations

You are immune to sickness and miasma.
Your stone body is resilient. (AC +15)
You are immune to poison.
Your large and strong wings let you fly.
You resist negative energy. (rN+)
You are resistant to electric shocks. (rElec)
You are resistant to unholy torment.
You are immune to petrification.


   Skills:
 - Level 19.0(24.0) Fighting
 - Level 16.0(21.0) Axes
 - Level 10.0(15.0) Throwing
 + Level 17.4(22.4) Armour
 - Level 5.0(10.0) Dodging
 - Level 20.0(25.0) Shields
 - Level 10.0 Invocations


You had 19 spell levels left.
You didn't know any spells.
Your spell library was empty.

Inventory:

Hand Weapons
 h - a +4 vampiric war axe (weapon)
 D - a +2 heavy broad axe
Missiles
 s - 7 javelins (quivered)
 t - 50 boomerangs
 y - 3 silver boomerangs
 K - a silver javelin
Armour
 a - +0 acid dragon scales
 k - the +0 chain mail of Inquiry {rC+ Slay+4}
   (Okawaru gifted it to you on level 11 of the Dungeon)

   Slay:      It affects your accuracy & damage with ranged weapons and melee
   (+4).
   rC:        It protects you from cold.
 q - a scarf of repulsion (worn)
 u - a +3 plate armour of positive energy
 x - a +2 helmet (worn)
 A - the +10 tower shield of Ignorance (worn) {rN+ Int-4}
   (Okawaru gifted it to you on level 4 of the Lair of Beasts)

   Int:       It affects your intelligence (-4).
   rN:        It protects you from negative energy.
 E - a +3 plate armour of fire resistance (worn)
 G - a +2 pair of boots (worn)
 I - the +1 pair of gloves of the Loofah (worn) {*Slow rF+ Str+3 Int+5}
   (You acquired it on level 1 of the Snake Pit)

   Str:       It affects your strength (+3).
   Int:       It affects your intelligence (+5).
   rF:        It protects you from fire.
   *Slow:     It may slow you when you take damage.
 J - a +2 chain mail of fire resistance
Jewellery
 f - the amulet of Makhleb, Changing {Acrobat rC+}
   (You found it on level 1 of the Vaults)

   [amulet of the acrobat]

   It increases your evasion while moving and waiting.
   rC:        It protects you from cold.
 i - the amulet of Vitality (around neck) {RegenMP++ Regen++}
   (You found it on level 12 of the Dungeon)

   [amulet of magic regeneration]

   It increases your rate of magic regeneration.
   Regen:     It increases your rate of health regeneration.
 m - an amulet of reflection
 n - a +5 ring of evasion (right hand)
 o - the ring of Light {Fire Str+2}
   (You found it on level 6 of the Dungeon)

   [ring of fire]

   It enhances your fire magic.
   Str:       It affects your strength (+2).
   rF:        It protects you from fire.
   rC:        It makes you vulnerable to cold.
 z - a +4 ring of protection (left hand)
 H - a ring of protection from fire
Wands
 C - a wand of digging (7)
Scrolls
 c - 15 scrolls of teleportation
 l - 19 scrolls of identify
Potions
 b - 5 potions of resistance
 d - 9 potions of might
 e - 5 potions of haste
 g - 7 potions of enlightenment
 j - 14 potions of heal wounds
 p - 8 potions of attraction
 r - 4 potions of lignification
 v - 9 potions of curing
 w - 5 potions of mutation
 B - 3 potions of magic
 F - a potion of cancellation

Dungeon Overview and Level Annotations

Branches:
Dungeon (15/15)            Temple (1/1) D:6            Lair (5/5) D:8
 Shoals (4/4) Lair:3        Snake (3/4) Lair:3        Slime (0/5) Lair:4
    Orc (2/2) D:10            Elf (0/3) Orc:2        Vaults (3/5) D:13
  Crypt (0/3) Vaults:2     Depths (0/4) D:15          Sewer (visited)

Altars:
Ashenzari
Cheibriados
Dithmenos
Elyvilon
Fedhas
Gozag
Hepliaklqana
Kikubaaqudgha
Makhleb
Nemelex Xobeh
Okawaru
Qazlal
Ru
Sif Muna
Trog
Uskayaw
Vehumet
Wu Jian
Xom
Yredelemnul
Zin
The Shining One
Jiyva

Shops:
D:2 !((   D:4 *   D:5 !   D:7 !   Orc:1 [   Orc:2 *!!*   Shoals:2 [
Shoals:3 [   Snake:1 ?=!   Vaults:1 :   Vaults:2 (

Annotations:
D:2 1 runed translucent door, Crazy Yiuf
Vaults:1 exclusion: 2 ironbound preservers


Message History

You barely miss the great orb of eyes.
You block the storm dragon's attack. x3; The quicksilver dragon bites you!
The quicksilver dragon claws you but does no damage.
You hit the quicksilver dragon.
The quicksilver dragon is severely wounded.
You completely miss the storm dragon. You barely miss the ghostly titan.
You slash the great orb of eyes!
You block the great orb of eyes's attack.
The ghostly titan waves its arms in wide circles.
The air twists around and strikes you.
You block the quicksilver dragon's attack. x2
The storm dragon closely misses you. You block the storm dragon's attack.
The storm dragon closely misses you.
You closely miss the quicksilver dragon.
The quicksilver dragon is severely wounded.
You slash the storm dragon! You slash the ghostly titan!
You barely miss the great orb of eyes.
You block the quicksilver dragon's attack.
The quicksilver dragon closely misses you.
You block the great orb of eyes's attack.
The ghostly titan waves its arms in wide circles.
The air twists around and strikes you.
The floating eye gazes piercingly through you!
You suddenly lose the ability to move!
The storm dragon bites you.
The storm dragon claws you but does no damage.
The storm dragon tramples you.
You hold your ground!
The quicksilver dragon bites you but does no damage.
The quicksilver dragon claws you.
You feel yourself slow down.
The ghostly titan points at you and mumbles some strange words.
The bolt of lightning hits you!! You resist.
The great orb of eyes bites you but does no damage.
The floating eye's view fixates on you.
You hear a shout!
The quicksilver dragon bites you but does no damage.
The quicksilver dragon claws you but does no damage.
The quicksilver dragon bites you but does no damage.
The quicksilver dragon claws you but does no damage.
The ironbound frostheart calls freezing cold from the walls.
The frost grips you!!!
You die...

.......#...#
.......#...# ......#...#
#....#...# #####
#...p#...# ####.#/##
.GD#...#####.#..#..#
#eD...)'.)..'..#..'
#C@...)#.#..#..'..#
......G#...##.+..+..#..+
.##....#...#####.#..#..#
#....#...# ####.#.##
......#...# #####
.......#...#
.......#...#
.....#######


You could see a ghostly titan (empowered), a storm dragon, a quicksilver dragon,
a deep elf death mage (empowered), a great orb of eyes, an ironbound frostheart
and a floating eye (charged).

Vanquished Creatures
  Mara (Vaults:2)
  Vashnia (Snake:2)
  Jory (Vaults:2)
  A bone dragon (Abyss:2)
  A tentacled monstrosity (Vaults:2)
  Jorgrun (Snake:3)
  5 tentacled starspawn (Abyss:2)
  2 krakens
  An Executioner (Abyss:2)
  A tengu reaver (Vaults:2)
  3 nagarajas (Snake:3)
  Donald (Vaults:1)
  A frost giant (Shoals:3)
  2 vault wardens
  Louise (D:14)
  A curse skull (Vaults:2)
  3 very ugly things
  9 ironbound preservers
  2 orc warlords
  4 ironbound thunderhulks
  A formless jellyfish (Vaults:2)
  Nessos (D:14)
  A bunyip (Abyss:2)
  Azrael (Snake:3)
  A deep elf demonologist (Vaults:2)
  4 merfolk javelineers (Shoals:4)
  A deep elf death mage (Vaults:3)
  2 yaktaur captains
  12 merfolk impalers
  2 deep elf high priests
  A fire dragon (D:9)
  8 great orbs of eyes
  3 salamander tyrants
  17 vault guards
  7 ironbound frosthearts
  7 hydras
  Erolcha (Orc:1)
  A peacekeeper (Vaults:3)
  6 anacondas
  A caustic shrike simulacrum (Abyss:2)
  7 merfolk avatars
  2 catoblepae
  2 ogre magi (D:15)
  2 death knights (Vaults:2)
  16 two-headed ogres
  2 alligator snapping turtles
  A satyr (Shoals:2)
  6 centaur warriors
  5 merfolk aquamancers
  2 boulder beetles
  4 naga warriors
  2 tengu warriors
  A thrashing horror (Vaults:2)
  4 death yaks
  12 naga sharpshooters
  4 shock serpents
  Nergalle (Orc:1)
  A hell knight (Abyss:2)
  A shadow wraith (Abyss:2)
  2 wretched stars (Abyss:2)
  7 skysharks
  A salamander mystic (Snake:3)
  A goliath frog (Lair:5)
  8 skeletal warriors
  3 large abominations (Abyss:2)
  A glowing orange brain (Abyss:2)
  17 sea snakes
  3 naga ritualists (Snake:3)
  6 orc knights
  11 ironbound convokers
  21 deep trolls
  2 necromancers
  20 ugly things
  12 lindwurms
  4 mana vipers
  20 harpies
  3 wizards
  3 orc sorcerers
  17 starcursed masses (Abyss:2)
  15 cyclopes
  A manticore (shapeshifter) (D:15)
  10 fauns
  14 manticores
  8 salamanders (Snake:2)
  A stone giant skeleton (Abyss:2)
  11 merfolk sirens
  10 vault sentinels
  A dire elephant zombie (Abyss:2)
  3 guardian serpents (Snake:3)
  A torpor snail (shapeshifter) (D:13)
  A black mamba (shapeshifter) (Abyss:2)
  10 water nymphs
  A smoke demon (Abyss:2)
  14 elephants
  An orange demon (Abyss:2)
  38 black mambas
  7 naga magi
  21 cane toads
  4 gargoyles
  A hellion (Abyss:2)
  8 rime drakes
  10 komodo dragons
  An efreet (D:15)
  11 trolls
  An ancient zyme (Abyss:2)
  44 merfolk
  3 meliai (D:14)
  3 wind drakes (Shoals:4)
  4 polar bears
  4 tyrant leeches (Lair:5)
  2 hellwings (Abyss:2)
  A hornet (D:11)
  A harpy skeleton (Abyss:2)
  A raiju (shapeshifter) (Vaults:2)
  10 dream sheep
  A blink frog (shapeshifter) (D:14)
  23 blink frogs
  An ettin zombie (Vaults:2)
  18 slime creatures
  11 snapping turtles
  3 flying skulls (Abyss:2)
  2 shadows
  3 wraiths
  9 water elementals
  Sigmund (D:6)
  A culicivora (shapeshifter) (Abyss:2)
  3 ynoxinuls
  Grum (D:8)
  43 yaks
  8 wyverns
  7 fire elementals
  4 basilisks (Lair:5)
  A neqoxec (Abyss:2)
  9 small abominations (Abyss:2)
  A golden eye (shapeshifter) (D:14)
  18 vampire mosquitoes
  3 wargs
  20 nagas
  An acid dragon (D:12)
  13 water moccasins
  A floating eye (shapeshifter) (Vaults:3)
  4 hell hounds
  35 orc warriors
  2 black bears
  2 sky beasts
  8 ice beasts
  A boggart (D:14)
  9 ogres
  12 centaurs
  8 wolves
  A phantom (D:4)
  A kobold brigand (D:7)
  14 bullfrogs
  3 scorpions
  A human simulacrum (Vaults:2)
  7 wights
  A glowing shapeshifter simulacrum (Vaults:2)
  6 killer bees (D:9)
  7 howler monkeys
  6 jellies
  A gnoll bouda (D:5)
  2 hounds (D:6)
  12 orc priests
  5 iguanas
  3 sleepcaps
  28 orc wizards
  9 hell rats (Lair:5)
  11 gnolls
  8 adders
  2 white imps
  5 ufetubi
  A worm (D:2)
  A dart slug (D:4)
  94 orcs
  4 bats
  5 endoplasms
  9 giant cockroaches
  10 hobgoblins
  6 jackals
  10 kobolds
  6 quokkas
  9 ball pythons
  3 frilled lizards
  7 goblins
  12 rats
  A lurking horror (Abyss:2)
  3 starspawn tentacles (Abyss:2)
  7 tentacles
1242 creatures vanquished.

Vanquished Creatures (others)
  A shock serpent (Snake:3)
  A naga (Snake:1)
  An orc wizard (Orc:1)
  An orc (Orc:2)
  9 starspawn tentacles (Abyss:2)
  21 tentacles
34 creatures vanquished.

Grand Total: 1276 creatures vanquished

Notes
Turn   | Place    | Note
-------+----------+-------------------------------------------
     0 | D:1      | qw the Gargoyle Fighter began the quest for the Orb.
     0 | D:1      | Reached XP level 1. HP: 14/14 MP: 1/1
     0 | D:1      | 0 ||| qw: Version: 0.3-a-9-g12657ce
     0 | D:1      | 0 ||| qw: Game counter: 1408
     0 | D:1      | 0 ||| qw: Always use a shield: true
     0 | D:1      | 0 ||| qw: God list: Okawaru
     0 | D:1      | 0 ||| qw: Allow faded altars: false
     0 | D:1      | 0 ||| qw: Do Orc after D:15 true
     0 | D:1      | 0 ||| qw: Do second Lair branch before Depths: true
     0 | D:1      | 0 ||| qw: Lair rune preference: random
     0 | D:1      | 0 ||| qw: Plans: Normal, Zot:1-4, Slime:5, God:TSO, Crypt,
                  | Tomb, Abyss, Pan, Hells, Win
     0 | D:1      | 0 ||| PLANNING D:1-11
    84 | D:1      | 84 ||| Stepping ~*~*~tactically~*~*~ (stealth).
    96 | D:1      | Reached XP level 2. HP: 17/19 MP: 2/2
   274 | D:1      | 274 ||| Stepping ~*~*~tactically~*~*~ (stealth).
   505 | D:1      | Reached skill level 3 in Axes
   555 | D:1      | Reached XP level 3. HP: 23/23 MP: 3/3
   703 | D:1      | 703 ||| DROPPING +0 club.
   840 | D:1      | 840 ||| READING scroll labelled JULIOG HAONE.
   841 | D:1      | 841 ||| READING scroll labelled WYSTRO WUCO.
   842 | D:1      | 842 ||| READING scroll labelled QUFANN JETHRA.
   843 | D:1      | 843 ||| READING scroll labelled KAROHO XOETUY.
   888 | D:2      | Reached skill level 1 in Throwing
  1041 | D:2      | Reached XP level 4. HP: 25/28 MP: 4/4
  1070 | D:2      | 1070 ||| Stepping ~*~*~tactically~*~*~ (stealth).
  1071 | D:2      | 1071 ||| Stepping ~*~*~tactically~*~*~ (stealth).
  1072 | D:2      | 1072 ||| Stepping ~*~*~tactically~*~*~ (stealth).
  1073 | D:2      | 1073 ||| Stepping ~*~*~tactically~*~*~ (stealth).
  1074 | D:2      | 1074 ||| Stepping ~*~*~tactically~*~*~ (stealth).
  1289 | D:2      | Found Bota's Antique Weapon Shoppe.
  1292 | D:2      | 1292 ||| SHOPLISTING flail (108 gold, have 58).
  1292 | D:2      | 1292 ||| SHOPLISTING mace (93 gold, have 58).
  1295 | D:2      | Found Xuarug's Weapon Shop.
  1314 | D:2      | 1314 ||| SHOPLISTING +6 flail of Recklessness {pain, rCorr
                  | Int-4 Dex+7} (806 gold, have 70).
  1316 | D:2      | Found Hiehent's Distillery.
  1330 | D:2      | 1330 ||| SHOPLISTING 2 potions of might (88 gold, have 70).
  1330 | D:2      | 1330 ||| BUYING potion of attraction (33 gold).
  1330 | D:2      | Bought a potion of attraction for 33 gold pieces
  1330 | D:2      | 1330 ||| BUYING potion of curing (33 gold).
  1330 | D:2      | Bought a potion of curing for 33 gold pieces
  1330 | D:2      | 1330 ||| SHOPLISTING potion of curing (33 gold, have 4).
  1330 | D:2      | 1330 ||| SHOPLISTING potion of heal wounds (55 gold, have
                  | 4).
  1330 | D:2      | 1330 ||| SHOPLISTING potion of lignification (33 gold, have
                  | 4).
  1382 | D:2      | Found a runed translucent door.
  1383 | D:2      | Noticed Crazy Yiuf
  1637 | D:2      | 1637 ||| UPGRADING to +0 chain mail.
  1647 | D:2      | 1647 ||| DROPPING +0 scale mail.
  1648 | D:2      | 1648 ||| UPGRADING to amulet of reflection.
  1653 | D:2      | 1653 ||| READING scroll labelled PUYLIO VAF KYT.
  1654 | D:2      | 1654 ||| READING scroll labelled TIKKOY MURHESS.
  1688 | D:3      | 1688 ||| PLANNING SEWER
  1723 | D:3      | 1723 ||| READING scroll of enchant weapon.
  1723 | D:3      | 1723 ||| ENCHANTING +1 war axe.
  1839 | D:3      | 1839 ||| Stepping ~*~*~tactically~*~*~ (stealth).
  1841 | D:3      | 1841 ||| Stepping ~*~*~tactically~*~*~ (stealth).
  1848 | D:3      | 1848 ||| FLEEEEING.
  1849 | D:3      | 1849 ||| FLEEEEING.
  1850 | D:3      | 1850 ||| DRINKING 2 potions of curing.
  1850 | D:3      | 1850 ||| (to cure confusion)
  1851 | D:3      | 1851 ||| DRINKING potion of curing.
  1851 | D:3      | 1851 ||| (to cure confusion)
  1864 | D:3      | Reached XP level 5. HP: 30/32 MP: 5/5
  1912 | D:3      | 1912 ||| Stepping ~*~*~tactically~*~*~ (stealth).
  1918 | D:3      | 1918 ||| Stepping ~*~*~tactically~*~*~ (stealth).
  1935 | D:3      | Found a glowing drain.
  1945 | D:3      | 1945 ||| READING 4 scrolls of identify.
  1945 | D:3      | 1945 ||| IDENTIFYING inky potion
  1946 | D:3      | 1946 ||| READING 3 scrolls of identify.
  1946 | D:3      | 1946 ||| IDENTIFYING emerald potion
  1947 | D:3      | 1947 ||| READING 2 scrolls of identify.
  1947 | D:3      | 1947 ||| IDENTIFYING sedimented brown potion
  1948 | D:3      | 1948 ||| DROPPING potion of degeneration.
  1949 | D:3      | 1949 ||| DROPPING potion of invisibility.
  1956 | Sewer    | Entered a sewer
  1982 | Sewer    | Noticed a water moccasin
  1994 | Sewer    | Killed a water moccasin
  1995 | Sewer    | Reached XP level 6. HP: 34/37 MP: 6/6
  2040 | Sewer    | 2040 ||| READING scroll labelled ANIMPONGYM.
  2149 | D:3      | 2149 ||| PLANNING D:1-11
  2375 | D:3      | Found a shimmering altar of Xom.
  2552 | D:3      | 2552 ||| DROPPING +0 whip.
  2617 | D:3      | 2617 ||| UPGRADING to ring of positive energy.
  2618 | D:3      | 2618 ||| DRINKING 2 puce potions.
  2685 | D:4      | Reached skill level 6 in Axes
  2710 | D:4      | Found an opulent altar of Gozag.
  2710 | D:4      | Found Gozag's Platinum Reserve.
  2760 | D:4      | 2760 ||| Stepping ~*~*~tactically~*~*~ (stealth).
  2763 | D:4      | 2763 ||| Stepping ~*~*~tactically~*~*~ (hiding).
  2796 | D:4      | 2796 ||| FLEEEEING.
  2800 | D:4      | 2800 ||| FLEEEEING.
  2801 | D:4      | 2801 ||| FLEEEEING.
  2802 | D:4      | 2802 ||| FLEEEEING.
  2803 | D:4      | 2803 ||| FLEEEEING.
  2814 | D:4      | Reached skill level 1 in Dodging
  2814 | D:4      | Reached XP level 7. HP: 40/43 MP: 7/7
  3286 | D:4      | Found a hide-covered altar of Uskayaw.
  3286 | D:4      | Found a white marble altar of Elyvilon.
  3293 | D:4      | Found an ornate altar of the Wu Jian Council.
  3294 | D:4      | 3294 ||| Stepping ~*~*~tactically~*~*~ (stealth).
  3296 | D:4      | 3296 ||| Stepping ~*~*~tactically~*~*~ (stealth).
  3298 | D:4      | 3298 ||| Stepping ~*~*~tactically~*~*~ (stealth).
  3301 | D:4      | 3301 ||| Stepping ~*~*~tactically~*~*~ (stealth).
  3305 | D:4      | Found a bloodstained altar of Trog.
  3311 | D:4      | Found an ancient bone altar of Kikubaaqudgha.
  3451 | D:4      | 3451 ||| SHOPLISTING ring of Ephemeral Luck {Wiz Will+
                  | Int+4 Stlth+} (5380 gold, have 225).
  3485 | D:4      | 3485 ||| UPGRADING to +0 tower shield.
  3495 | D:4      | 3495 ||| DROPPING +0 buckler.
  3496 | D:4      | 3496 ||| UPGRADING to +5 ring of evasion.
  3497 | D:4      | 3497 ||| READING scroll labelled GOEGUS TIUN.
  3501 | D:4      | 3501 ||| READING scroll labelled AWNEOP ZECE.
  3502 | D:4      | 3502 ||| READING scroll labelled ABRUEBOEXA.
  3520 | D:5      | Entered Level 5 of the Dungeon
  3651 | D:5      | Reached skill level 4 in Shields
  3674 | D:5      | 3674 ||| Stepping ~*~*~tactically~*~*~ (stealth).
  3676 | D:5      | 3676 ||| Stepping ~*~*~tactically~*~*~ (hiding).
  3716 | D:5      | Reached skill level 5 in Shields
  3726 | D:5      | Reached XP level 8. HP: 19/48 MP: 8/8
  3754 | D:5      | 3754 ||| FLEEEEING.
  3824 | D:5      | 3824 ||| Stepping ~*~*~tactically~*~*~ (stealth).
  3862 | D:5      | Reached skill level 6 in Shields
  3976 | D:5      | 3976 ||| Stepping ~*~*~tactically~*~*~ (hiding).
  4001 | D:5      | 4001 ||| Stepping ~*~*~tactically~*~*~ (stealth).
  4008 | D:5      | 4008 ||| Stepping ~*~*~tactically~*~*~ (stealth).
  4009 | D:5      | 4009 ||| Stepping ~*~*~tactically~*~*~ (stealth).
  4029 | D:5      | 4029 ||| Stepping ~*~*~tactically~*~*~ (stealth).
  4050 | D:5      | Found Mimiabisi's Distillery.
  4128 | D:5      | 4128 ||| BUYING potion of curing (33 gold).
  4128 | D:5      | Bought a potion of curing for 33 gold pieces
  4128 | D:5      | 4128 ||| BUYING potion of curing (33 gold).
  4128 | D:5      | Bought a potion of curing for 33 gold pieces
  4128 | D:5      | 4128 ||| BUYING potion of heal wounds (55 gold).
  4128 | D:5      | Bought a potion of heal wounds for 55 gold pieces
  4274 | D:5      | 4274 ||| READING scroll labelled ANYT REUPNUOPS.
  4306 | D:5      | 4306 ||| READING 2 scrolls of identify.
  4306 | D:5      | 4306 ||| IDENTIFYING black potion
  4350 | D:6      | Identified the ring of Light {Fire Str+2}
  4409 | D:6      | Reached skill level 7 in Shields
  4464 | D:6      | Noticed Sigmund
  4470 | D:6      | 4470 ||| DRINKING 6 potions of curing.
  4470 | D:6      | 4470 ||| (to cure confusion)
  4482 | D:6      | Killed Sigmund
  4483 | D:6      | Reached skill level 8 in Shields
  4491 | D:6      | 4491 ||| Stepping ~*~*~tactically~*~*~ (stealth).
  4492 | D:6      | 4492 ||| Stepping ~*~*~tactically~*~*~ (stealth).
  4497 | D:6      | 4497 ||| Stepping ~*~*~tactically~*~*~ (stealth).
  4498 | D:6      | 4498 ||| Stepping ~*~*~tactically~*~*~ (stealth).
  4499 | D:6      | 4499 ||| Stepping ~*~*~tactically~*~*~ (stealth).
  4499 | D:6      | Found a staircase to the Ecumenical Temple.
  4500 | D:6      | 4500 ||| PLANNING TEMPLE
  4501 | D:6      | 4501 ||| Stepping ~*~*~tactically~*~*~ (stealth).
  4504 | D:6      | 4504 ||| DROPPING ring of fire.
  4505 | D:6      | 4505 ||| UPGRADING to ring of Light {Fire Str+2}.
  4523 | Temple   | Entered the Ecumenical Temple
  4548 | Temple   | 4548 ||| PLANNING OKAWARU WORSHIP
  4625 | Temple   | Became a worshipper of Warmaster Okawaru
  4626 | Temple   | 4626 ||| PLANNING D:1-11
  4809 | D:6      | 4809 ||| Stepping ~*~*~tactically~*~*~ (stealth).
  4865 | D:6      | Reached skill level 9 in Shields
  5328 | D:6      | Reached XP level 9. HP: 43/52 MP: 9/9
  5639 | D:6      | 5639 ||| DRINKING 2 sedimented amethyst potions.
  5685 | D:6      | 5685 ||| READING 2 scrolls of identify.
  5685 | D:6      | 5685 ||| IDENTIFYING smoky orange potion
  5686 | D:6      | 5686 ||| DROPPING potion of brilliance.
  5876 | D:7      | Found a glowing silver altar of Zin.
  5913 | D:7      | Reached skill level 10 in Shields
  5938 | D:7      | 5938 ||| SWAPPING to +3 war axe.
  5939 | D:7      | 5939 ||| DROPPING +2 war axe.
  5949 | D:7      | Reached * piety under Okawaru
  6008 | D:7      | 6008 ||| Stepping ~*~*~tactically~*~*~ (stealth).
  6018 | D:7      | Reached skill level 1 in Invocations
  6032 | D:7      | 6032 ||| DRINKING 6 potions of curing.
  6032 | D:7      | 6032 ||| (to cure confusion)
  6071 | D:7      | 6071 ||| Stepping ~*~*~tactically~*~*~ (hiding).
  6073 | D:7      | 6073 ||| Stepping ~*~*~tactically~*~*~ (hiding).
  6074 | D:7      | 6074 ||| Stepping ~*~*~tactically~*~*~ (hiding).
  6076 | D:7      | 6076 ||| INVOKING Heroism.
  6095 | D:7      | 6095 ||| INVOKING Heroism.
  6126 | D:7      | 6126 ||| Stepping ~*~*~tactically~*~*~ (stealth).
  6127 | D:7      | 6127 ||| Stepping ~*~*~tactically~*~*~ (stealth).
  6134 | D:7      | 6134 ||| Stepping ~*~*~tactically~*~*~ (stealth).
  6138 | D:7      | 6138 ||| INVOKING Heroism.
  6185 | D:7      | 6185 ||| DRINKING 5 potions of curing.
  6185 | D:7      | 6185 ||| (to cure confusion)
  6187 | D:7      | 6187 ||| DRINKING 4 potions of curing.
  6187 | D:7      | 6187 ||| (to cure confusion)
  6419 | D:7      | 6419 ||| Stepping ~*~*~tactically~*~*~ (hiding).
  6525 | D:7      | Found Iqerhew's Distillery.
  6534 | D:7      | 6534 ||| BUYING 2 potions of curing (78 gold).
  6534 | D:7      | Bought 2 potions of curing for 78 gold pieces
  6534 | D:7      | 6534 ||| BUYING 2 potions of heal wounds (130 gold).
  6534 | D:7      | Bought 2 potions of heal wounds for 130 gold pieces
  6534 | D:7      | 6534 ||| SHOPLISTING potion of attraction (39 gold, have
                  | 5).
  6534 | D:7      | 6534 ||| SHOPLISTING potion of curing (39 gold, have 5).
  6534 | D:7      | 6534 ||| SHOPLISTING potion of magic (104 gold, have 5).
  6534 | D:7      | 6534 ||| SHOPLISTING potion of might (52 gold, have 5).
  6534 | D:7      | 6534 ||| Stepping ~*~*~tactically~*~*~ (hiding).
  6541 | D:7      | 6541 ||| DRINKING 6 potions of curing.
  6541 | D:7      | 6541 ||| (to cure confusion)
  6684 | D:7      | 6684 ||| DROPPING scarf of harm.
  6685 | D:7      | 6685 ||| UPGRADING to +0 plate armour.
  6695 | D:7      | 6695 ||| DROPPING +0 chain mail.
  6696 | D:7      | 6696 ||| READING scroll labelled WIT BUADIABU.
  6749 | D:8      | Reached skill level 3 in Invocations
  6778 | D:8      | 6778 ||| INVOKING Heroism.
  6797 | D:8      | 6797 ||| INVOKING Heroism.
  6853 | D:8      | Noticed a polar bear
  6854 | D:8      | 6854 ||| INVOKING Heroism.
  6857 | D:8      | Noticed a polar bear
  6860 | D:8      | Noticed a rime drake
  6862 | D:8      | Killed a polar bear
  6863 | D:8      | Reached skill level 11 in Shields
  6863 | D:8      | Reached XP level 10. HP: 51/59 MP: 11/13
  6863 | D:8      | 6863 ||| Stepping ~*~*~tactically~*~*~ (hiding).
  6863 | D:8      | Found a staircase to the Lair.
  6872 | D:8      | HP: 8/59 [ice beast (21)]
  6873 | D:8      | 6873 ||| READING 4 scrolls of teleportation.
  6874 | D:8      | 6874 ||| DRINKING 4 potions of heal wounds.
  6876 | D:8      | 6876 ||| INVOKING Heroism.
  6977 | D:8      | 6977 ||| Stepping ~*~*~tactically~*~*~ (hiding).
  6979 | D:8      | 6979 ||| Stepping ~*~*~tactically~*~*~ (hiding).
  7116 | D:8      | 7116 ||| Stepping ~*~*~tactically~*~*~ (stealth).
  7117 | D:8      | 7117 ||| Stepping ~*~*~tactically~*~*~ (stealth).
  7137 | D:8      | 7137 ||| Stepping ~*~*~tactically~*~*~ (hiding).
  7222 | D:8      | Noticed Grum
  7223 | D:8      | 7223 ||| INVOKING Heroism.
  7238 | D:8      | 7238 ||| INVOKING Heroism.
  7246 | D:8      | Killed Grum
  7247 | D:8      | Reached skill level 6 in Fighting
  7350 | D:8      | 7350 ||| INVOKING Heroism.
  7418 | D:8      | 7418 ||| SWAPPING to +0 vampiric war axe.
  7455 | D:8      | 7455 ||| DROPPING +3 war axe.
  7619 | D:8      | 7619 ||| PLANNING LAIR
  7619 | D:8      | 7619 ||| READING scroll labelled QUTULA VORGH.
  7620 | D:8      | 7620 ||| READING scroll labelled SYFANU SIUTE.
  7640 | Lair:1   | Entered Level 1 of the Lair of Beasts
  7647 | Lair:1   | 7647 ||| STAIRDANCE
  7651 | D:8      | 7651 ||| INVOKING Heroism.
  7658 | D:8      | Reached ** piety under Okawaru
  7660 | D:8      | Reached skill level 9 in Axes
  7682 | Lair:1   | 7682 ||| Stepping ~*~*~tactically~*~*~ (stealth).
  7699 | Lair:1   | Reached skill level 12 in Shields
  7702 | Lair:1   | 7702 ||| INVOKING Heroism.
  7775 | Lair:1   | Noticed a cane toad
  7776 | Lair:1   | 7776 ||| INVOKING Heroism.
  7782 | Lair:1   | Noticed a cane toad
  7785 | Lair:1   | Killed a cane toad
  7790 | Lair:1   | Reached *** piety under Okawaru
  7791 | Lair:1   | Reached XP level 11. HP: 60/64 MP: 12/14
  7809 | Lair:1   | 7809 ||| Stepping ~*~*~tactically~*~*~ (stealth).
  7843 | Lair:1   | 7843 ||| INVOKING Heroism.
  7872 | Lair:1   | 7872 ||| Stepping ~*~*~tactically~*~*~ (stealth).
  8208 | Lair:1   | 8208 ||| INVOKING Heroism.
  8251 | Lair:1   | 8251 ||| INVOKING Heroism.
  8261 | Lair:1   | Reached **** piety under Okawaru
  8296 | Lair:1   | 8296 ||| INVOKING Heroism.
  8556 | Lair:1   | Identified the +1 buckler of Meothreno {rC+ Regen+}
  8799 | Lair:2   | Noticed a death yak
  8799 | Lair:2   | Noticed a death yak
  8800 | Lair:2   | 8800 ||| INVOKING Heroism.
  8800 | Lair:2   | Noticed a death yak
  8812 | Lair:2   | Killed a death yak
  8815 | Lair:2   | 8815 ||| INVOKING Heroism.
  8832 | Lair:2   | Killed a death yak
  8840 | Lair:2   | Killed a death yak
  8841 | Lair:2   | Reached skill level 13 in Shields
  8943 | Lair:2   | Noticed a four-headed hydra
  8945 | Lair:2   | 8945 ||| INVOKING Heroism.
  8947 | Lair:2   | 8947 ||| SWAPPING to +0 flail.
  8962 | Lair:2   | Killed a four-headed hydra
  8963 | Lair:2   | 8963 ||| SWAPPING to +0 vampiric war axe.
  9036 | Lair:2   | Reached skill level 6 in Invocations
  9109 | Lair:2   | 9109 ||| Stepping ~*~*~tactically~*~*~ (hiding).
  9114 | Lair:2   | 9114 ||| INVOKING Heroism.
  9416 | Lair:2   | Noticed a six-headed hydra
  9417 | Lair:2   | 9417 ||| Stepping ~*~*~tactically~*~*~ (stealth).
  9420 | Lair:2   | 9420 ||| INVOKING Heroism.
  9421 | Lair:2   | 9421 ||| SWAPPING to +0 flail.
  9428 | Lair:2   | Killed a six-headed hydra
  9429 | Lair:2   | Reached skill level 6 in Armour
  9429 | Lair:2   | Reached XP level 12. HP: 61/74 MP: 14/16
  9429 | Lair:2   | 9429 ||| Stepping ~*~*~tactically~*~*~ (stealth).
  9430 | Lair:2   | 9430 ||| SWAPPING to +0 vampiric war axe.
  9439 | Lair:2   | Reached ***** piety under Okawaru
  9640 | Lair:2   | 9640 ||| UPGRADING to +0 helmet.
  9645 | Lair:2   | 9645 ||| READING 5 scrolls of identify.
  9645 | Lair:2   | 9645 ||| IDENTIFYING metallic sapphire potion
  9704 | Lair:3   | Found a staircase to the Snake Pit.
  9720 | Lair:3   | Reached skill level 3 in Throwing
  9739 | Lair:3   | 9739 ||| DROPPING +0 flail.
  9782 | Lair:3   | Noticed a skyshark
  9792 | Lair:3   | Killed a skyshark
  9838 | Lair:3   | 9838 ||| READING scroll of enchant armour.
  9838 | Lair:3   | 9838 ||| ENCHANTING +0 helmet.
  9909 | Lair:3   | 9909 ||| Stepping ~*~*~tactically~*~*~ (stealth).
  9921 | Lair:3   | 9921 ||| INVOKING Heroism.
  9961 | Lair:3   | 9961 ||| INVOKING Heroism.
 10003 | Lair:3   | 10003 ||| INVOKING Heroism.
 10167 | Lair:3   | Found a staircase to the Shoals.
 10253 | Lair:3   | Received a gift from Okawaru
 10471 | Lair:3   | 10471 ||| INVOKING Heroism.
 10492 | Lair:3   | Noticed a death yak
 10493 | Lair:3   | 10493 ||| INVOKING Finesse.
 10515 | Lair:3   | Killed a death yak
 10516 | Lair:3   | Reached skill level 9 in Invocations
 10546 | Lair:3   | Identified the +9 war axe "Doig" {elec, rPois Str+2}
 10822 | Lair:4   | Noticed a catoblepas
 10823 | Lair:4   | 10823 ||| INVOKING Heroism.
 10824 | Lair:4   | 10824 ||| INVOKING Finesse.
 10839 | Lair:4   | Killed a catoblepas
 10912 | Lair:4   | Noticed a skyshark
 10927 | Lair:4   | Killed a skyshark
 10927 | Lair:4   | Received a gift from Okawaru
 10927 | Lair:4   | Found the +10 tower shield of Ignorance {rN+ Int-4}
 10938 | Lair:4   | 10938 ||| INVOKING Heroism.
 10971 | Lair:4   | Reached XP level 13. HP: 69/78 MP: 20/20
 11015 | Lair:4   | 11015 ||| Stepping ~*~*~tactically~*~*~ (stealth).
 11017 | Lair:4   | 11017 ||| Stepping ~*~*~tactically~*~*~ (stealth).
 11019 | Lair:4   | 11019 ||| INVOKING Heroism.
 11032 | Lair:4   | Reached skill level 9 in Fighting
 11131 | Lair:4   | 11131 ||| Stepping ~*~*~tactically~*~*~ (stealth).
 11133 | Lair:4   | 11133 ||| Stepping ~*~*~tactically~*~*~ (stealth).
 11148 | Lair:4   | Reached skill level 14 in Shields
 11229 | Lair:4   | 11229 ||| INVOKING Heroism.
 11395 | Lair:4   | Found a staircase to the Slime Pits.
 11397 | Lair:4   | Found a viscous altar of Jiyva.
 11417 | Lair:4   | 11417 ||| INVOKING Heroism.
 11692 | Lair:4   | 11692 ||| UPGRADING to +10 tower shield of Ignorance {rN+
                  | Int-4}.
 11702 | Lair:4   | 11702 ||| DROPPING +0 tower shield.
 11703 | Lair:4   | 11703 ||| READING scroll labelled NACKEMI QAGI.
 11704 | Lair:4   | 11704 ||| READING 5 scrolls of identify.
 11704 | Lair:4   | 11704 ||| IDENTIFYING green potion
 11747 | Lair:5   | Entered Level 5 of the Lair of Beasts
 11749 | Lair:5   | 11749 ||| Stepping ~*~*~tactically~*~*~ (stealth).
 11779 | Lair:5   | 11779 ||| INVOKING Heroism.
 11784 | Lair:5   | Reached skill level 12 in Axes
 11799 | Lair:5   | 11799 ||| Stepping ~*~*~tactically~*~*~ (hiding).
 11800 | Lair:5   | 11800 ||| Stepping ~*~*~tactically~*~*~ (hiding).
 11850 | Lair:5   | 11850 ||| INVOKING Heroism.
 11882 | Lair:5   | 11882 ||| INVOKING Heroism.
 11905 | Lair:5   | 11905 ||| INVOKING Heroism.
 11952 | Lair:5   | 11952 ||| INVOKING Heroism.
 11975 | Lair:5   | Gained mutation: Your large and strong wings let you fly.
                  | [Gargoyle growth]
 11975 | Lair:5   | Reached XP level 14. HP: 86/88 MP: 21/21
 12124 | Lair:5   | 12124 ||| Stepping ~*~*~tactically~*~*~ (stealth).
 12125 | Lair:5   | 12125 ||| INVOKING Heroism.
 12126 | Lair:5   | 12126 ||| INVOKING Finesse.
 12127 | Lair:5   | 12127 ||| SWAPPING to +1 hand axe of flaming.
 12136 | Lair:5   | Reached skill level 15 in Shields
 12136 | Lair:5   | 12136 ||| SWAPPING to +0 vampiric war axe.
 12151 | Lair:5   | 12151 ||| READING scroll of enchant weapon.
 12151 | Lair:5   | 12151 ||| ENCHANTING +0 vampiric war axe.
 12250 | Lair:5   | 12250 ||| Stepping ~*~*~tactically~*~*~ (hiding).
 12251 | Lair:5   | 12251 ||| INVOKING Heroism.
 12252 | Lair:5   | 12252 ||| Stepping ~*~*~tactically~*~*~ (hiding).
 12253 | Lair:5   | 12253 ||| Stepping ~*~*~tactically~*~*~ (hiding).
 12254 | Lair:5   | 12254 ||| Stepping ~*~*~tactically~*~*~ (hiding).
 12255 | Lair:5   | 12255 ||| INVOKING Finesse.
 12318 | Lair:5   | 12318 ||| Stepping ~*~*~tactically~*~*~ (stealth).
 12345 | Lair:5   | 12345 ||| Stepping ~*~*~tactically~*~*~ (stealth).
 12346 | Lair:5   | 12346 ||| Stepping ~*~*~tactically~*~*~ (stealth).
 12364 | Lair:5   | 12364 ||| Stepping ~*~*~tactically~*~*~ (stealth).
 12405 | Lair:5   | 12405 ||| Stepping ~*~*~tactically~*~*~ (stealth).
 12451 | Lair:5   | 12451 ||| Stepping ~*~*~tactically~*~*~ (hiding).
 12477 | Lair:5   | 12477 ||| Stepping ~*~*~tactically~*~*~ (stealth).
 12515 | Lair:5   | 12515 ||| INVOKING Heroism.
 12864 | Lair:5   | 12864 ||| Stepping ~*~*~tactically~*~*~ (stealth).
 12865 | Lair:5   | 12865 ||| Stepping ~*~*~tactically~*~*~ (stealth).
 12867 | Lair:5   | 12867 ||| INVOKING Heroism.
 12868 | Lair:5   | 12868 ||| INVOKING Finesse.
 12872 | Lair:5   | 12872 ||| SWAPPING to +1 hand axe of flaming.
 12878 | Lair:5   | Reached skill level 9 in Armour
 12878 | Lair:5   | 12878 ||| SWAPPING to +1 vampiric war axe.
 13034 | Lair:5   | 13034 ||| PLANNING D:1-11
 13285 | D:9      | 13285 ||| Stepping ~*~*~tactically~*~*~ (stealth).
 13286 | D:9      | 13286 ||| Stepping ~*~*~tactically~*~*~ (stealth).
 13760 | D:9      | Identified the +10 long sword of the Oily God {venom,
                  | Stlth+}
 13764 | D:9      | 13764 ||| INVOKING Heroism.
 13765 | D:9      | 13765 ||| INVOKING Finesse.
 13887 | D:9      | 13887 ||| DROPPING ring of positive energy.
 13888 | D:9      | 13888 ||| UPGRADING to +4 ring of protection.
 13890 | D:9      | 13890 ||| READING 5 scrolls of identify.
 13890 | D:9      | 13890 ||| IDENTIFYING white potion
 13891 | D:9      | 13891 ||| DROPPING potion of ambrosia.
 13927 | D:10     | Entered Level 10 of the Dungeon
 13927 | D:10     | Found a staircase to the Orcish Mines.
 13928 | D:10     | 13928 ||| INVOKING Heroism.
 14537 | D:10     | 14537 ||| READING 4 scrolls of identify.
 14537 | D:10     | 14537 ||| IDENTIFYING glowing grey potion
 14538 | D:10     | 14538 ||| DROPPING potion of berserk rage.
 14599 | D:11     | 14599 ||| Stepping ~*~*~tactically~*~*~ (hiding).
 14872 | D:11     | 14872 ||| Stepping ~*~*~tactically~*~*~ (hiding).
 14873 | D:11     | 14873 ||| Stepping ~*~*~tactically~*~*~ (hiding).
 14969 | D:11     | 14969 ||| Stepping ~*~*~tactically~*~*~ (stealth).
 15180 | D:11     | Identified the +0 chain mail of Inquiry {rC+ Slay+4}
                  | (Okawaru gifted it to you on level 11 of the Dungeon)
 15180 | D:11     | Received a gift from Okawaru
 15301 | D:11     | 15301 ||| PLANNING D
 15301 | D:11     | 15301 ||| UPGRADING to +0 chain mail of Inquiry {rC+
                  | Slay+4}.
 15311 | D:11     | 15311 ||| DROPPING +0 plate armour.
 15312 | D:11     | 15312 ||| DROPPING +6 ring of intelligence.
 15488 | D:12     | 15488 ||| Stepping ~*~*~tactically~*~*~ (stealth).
 15491 | D:12     | 15491 ||| Stepping ~*~*~tactically~*~*~ (hiding).
 15494 | D:12     | 15494 ||| Stepping ~*~*~tactically~*~*~ (hiding).
 15615 | D:12     | 15615 ||| Stepping ~*~*~tactically~*~*~ (stealth).
 15617 | D:12     | 15617 ||| INVOKING Heroism.
 15619 | D:12     | 15619 ||| INVOKING Finesse.
 15926 | D:12     | 15926 ||| INVOKING Heroism.
 15928 | D:12     | 15928 ||| Stepping ~*~*~tactically~*~*~ (stealth).
 15947 | D:12     | 15947 ||| Stepping ~*~*~tactically~*~*~ (stealth).
 15967 | D:12     | 15967 ||| Stepping ~*~*~tactically~*~*~ (stealth).
 15997 | D:12     | 15997 ||| Stepping ~*~*~tactically~*~*~ (stealth).
 15998 | D:12     | 15998 ||| Stepping ~*~*~tactically~*~*~ (stealth).
 16000 | D:12     | 16000 ||| INVOKING Heroism.
 16015 | D:12     | Found the amulet of Vitality {RegenMP++ Regen++}
 16123 | D:12     | 16123 ||| UPGRADING to amulet of Vitality {RegenMP++
                  | Regen++}.
 16202 | D:13     | Found a gate to the Vaults.
 16205 | D:13     | 16205 ||| Stepping ~*~*~tactically~*~*~ (stealth).
 16224 | D:13     | Reached XP level 15. HP: 94/94 MP: 22/22
 16255 | D:13     | Reached skill level 16 in Shields
 16284 | D:13     | 16284 ||| READING scroll of enchant armour.
 16284 | D:13     | 16284 ||| ENCHANTING +1 helmet.
 16600 | D:13     | Found a shimmering altar of Xom.
 16601 | D:13     | Found a shimmering altar of Xom.
 16604 | D:13     | Found a shimmering altar of Xom.
 16604 | D:13     | Found a shimmering altar of Xom.
 16604 | D:13     | Found a shimmering altar of Xom.
 16608 | D:13     | Found a shimmering altar of Xom.
 16608 | D:13     | Found a shimmering altar of Xom.
 16919 | D:13     | 16919 ||| READING scroll of enchant weapon.
 16919 | D:13     | 16919 ||| ENCHANTING +1 vampiric war axe.
 17081 | D:13     | 17081 ||| UPGRADING to scarf of repulsion.
 17086 | D:13     | 17086 ||| UPGRADING to +0 pair of gloves.
 17091 | D:13     | 17091 ||| UPGRADING to +0 pair of boots.
 17096 | D:13     | 17096 ||| UPGRADING to +2 pair of boots.
 17106 | D:13     | 17106 ||| DROPPING +0 pair of boots.
 17107 | D:13     | 17107 ||| DROPPING +3 chain mail.
 17287 | D:14     | Noticed Nessos
 17289 | D:14     | 17289 ||| INVOKING Heroism.
 17314 | D:14     | 17314 ||| INVOKING Heroism.
 17326 | D:14     | 17326 ||| SWAPPING to +1 hand axe of flaming.
 17343 | D:14     | Reached skill level 3 in Dodging
 17343 | D:14     | 17343 ||| SWAPPING to +2 vampiric war axe.
 17355 | D:14     | 17355 ||| INVOKING Heroism.
 17369 | D:14     | Reached skill level 15 in Axes
 17410 | D:14     | 17410 ||| Stepping ~*~*~tactically~*~*~ (hiding).
 17417 | D:14     | Killed Nessos
 17502 | D:14     | 17502 ||| Stepping ~*~*~tactically~*~*~ (stealth).
 17503 | D:14     | 17503 ||| Stepping ~*~*~tactically~*~*~ (stealth).
 17650 | D:14     | Received a gift from Okawaru
 17658 | D:14     | Found a frozen archway.
 17701 | D:14     | 17701 ||| INVOKING Heroism.
 17870 | D:14     | 17870 ||| INVOKING Heroism.
 17873 | D:14     | 17873 ||| SWAPPING to +1 hand axe of flaming.
 17884 | D:14     | 17884 ||| SWAPPING to +2 vampiric war axe.
 17928 | D:14     | 17928 ||| INVOKING Heroism.
 17931 | D:14     | 17931 ||| SWAPPING to +1 hand axe of flaming.
 17936 | D:14     | 17936 ||| SWAPPING to +2 vampiric war axe.
 17963 | D:14     | Noticed Louise
 17979 | Abyss:2  | Cast into level 2 of the Abyss (Louise)
 17988 | Abyss:2  | Found a corrupted altar of Lugonu.
 18000 | Abyss:2  | 18000 ||| Stepping ~*~*~tactically~*~*~ (stealth).
 18055 | Abyss:2  | 18055 ||| Stepping ~*~*~tactically~*~*~ (hiding).
 18102 | Abyss:2  | Noticed a tentacled starspawn
 18108 | Abyss:2  | Reached skill level 12 in Fighting
 18110 | Abyss:2  | Killed a tentacled starspawn
 18128 | Abyss:2  | 18128 ||| Stepping ~*~*~tactically~*~*~ (stealth).
 18171 | Abyss:2  | 18171 ||| INVOKING Heroism.
 18195 | Abyss:2  | 18195 ||| Stepping ~*~*~tactically~*~*~ (stealth).
 18195 | Abyss:2  | Noticed a tentacled starspawn
 18196 | Abyss:2  | 18196 ||| Stepping ~*~*~tactically~*~*~ (stealth).
 18198 | Abyss:2  | Noticed an Executioner
 18204 | Abyss:2  | Killed a tentacled starspawn
 18207 | Abyss:2  | Killed an Executioner
 18253 | Abyss:2  | 18253 ||| Stepping ~*~*~tactically~*~*~ (stealth).
 18306 | Abyss:2  | 18306 ||| Stepping ~*~*~tactically~*~*~ (stealth).
 18314 | Abyss:2  | 18314 ||| Stepping ~*~*~tactically~*~*~ (hiding).
 18348 | D:14     | Escaped the Abyss
 18349 | D:14     | 18349 ||| INVOKING Heroism.
 18350 | D:14     | 18350 ||| INVOKING Finesse.
 18367 | D:14     | Killed Louise
 18410 | D:14     | 18410 ||| FLEEEEING.
 18411 | D:14     | 18411 ||| FLEEEEING.
 18412 | D:14     | 18412 ||| FLEEEEING.
 18413 | D:14     | 18413 ||| STAIRDANCE
 18422 | D:13     | 18422 ||| UPGRADING to +3 plate armour of positive energy.
 18472 | D:15     | Entered Level 15 of the Dungeon
 18607 | D:15     | Found a hazy altar of Hepliaklqana.
 18610 | D:15     | 18610 ||| INVOKING Heroism.
 18611 | D:15     | 18611 ||| INVOKING Finesse.
 18616 | D:15     | 18616 ||| SWAPPING to +1 hand axe of flaming.
 18620 | D:15     | 18620 ||| SWAPPING to +2 vampiric war axe.
 18635 | D:15     | 18635 ||| READING scroll of enchant weapon.
 18635 | D:15     | 18635 ||| ENCHANTING +2 vampiric war axe.
 18707 | D:15     | Reached XP level 16. HP: 101/101 MP: 23/23
 18812 | D:15     | 18812 ||| INVOKING Heroism.
 18862 | D:15     | Received a gift from Okawaru
 18924 | D:15     | 18924 ||| FLEEEEING.
 18925 | D:15     | 18925 ||| FLEEEEING.
 18926 | D:15     | 18926 ||| FLEEEEING.
 18927 | D:15     | 18927 ||| FLEEEEING.
 18928 | D:15     | 18928 ||| FLEEEEING.
 18929 | D:15     | 18929 ||| FLEEEEING.
 19050 | D:15     | 19050 ||| INVOKING Heroism.
 19055 | D:15     | 19055 ||| Stepping ~*~*~tactically~*~*~ (hiding).
 19058 | D:15     | Received a gift from Okawaru
 19059 | D:15     | Paralysed by a great orb of eyes for 5 turns
 19118 | D:15     | 19118 ||| Stepping ~*~*~tactically~*~*~ (stealth).
 19123 | D:15     | 19123 ||| INVOKING Heroism.
 19124 | D:15     | 19124 ||| READING 10 scrolls of teleportation.
 19274 | D:15     | 19274 ||| Stepping ~*~*~tactically~*~*~ (hiding).
 19291 | D:15     | 19291 ||| Stepping ~*~*~tactically~*~*~ (stealth).
 19292 | D:15     | 19292 ||| Stepping ~*~*~tactically~*~*~ (stealth).
 19294 | D:15     | 19294 ||| INVOKING Heroism.
 19354 | D:15     | Found a staircase to the Depths.
 19356 | D:15     | 19356 ||| INVOKING Heroism.
 19490 | D:15     | 19490 ||| PLANNING ORC
 19620 | Orc:1    | Entered Level 1 of the Orcish Mines
 19621 | Orc:1    | 19621 ||| INVOKING Heroism.
 19647 | Orc:1    | 19647 ||| Stepping ~*~*~tactically~*~*~ (hiding).
 19710 | Orc:1    | Found Kafach's Antique Armour Shoppe.
 19799 | Orc:2    | Entered Level 2 of the Orcish Mines
 20008 | Orc:2    | 20008 ||| Stepping ~*~*~tactically~*~*~ (stealth).
 20020 | Orc:2    | 20020 ||| Stepping ~*~*~tactically~*~*~ (hiding).
 20022 | Orc:2    | 20022 ||| Stepping ~*~*~tactically~*~*~ (hiding).
 20051 | Orc:2    | 20051 ||| Stepping ~*~*~tactically~*~*~ (hiding).
 20052 | Orc:2    | 20052 ||| Stepping ~*~*~tactically~*~*~ (hiding).
 20055 | Orc:2    | 20055 ||| Stepping ~*~*~tactically~*~*~ (hiding).
 20056 | Orc:2    | 20056 ||| Stepping ~*~*~tactically~*~*~ (hiding).
 20072 | Orc:2    | 20072 ||| Stepping ~*~*~tactically~*~*~ (hiding).
 20074 | Orc:2    | 20074 ||| Stepping ~*~*~tactically~*~*~ (hiding).
 20078 | Orc:2    | 20078 ||| INVOKING Heroism.
 20104 | Orc:2    | Reached skill level 6 in Throwing
 20110 | Orc:2    | 20110 ||| INVOKING Heroism.
 20155 | Orc:2    | Found Ybulooll's Distillery.
 20155 | Orc:2    | Found Onauwa's Distillery.
 20155 | Orc:2    | Found Uruezain's Assorted Antiques.
 20158 | Orc:2    | Found Wutwuh's General Store.
 20162 | Orc:2    | 20162 ||| BUYING 3 potions of might (192 gold).
 20162 | Orc:2    | Bought 3 potions of might for 192 gold pieces
 20162 | Orc:2    | 20162 ||| BUYING potion of curing (48 gold).
 20162 | Orc:2    | Bought a potion of curing for 48 gold pieces
 20162 | Orc:2    | 20162 ||| BUYING potion of curing (48 gold).
 20162 | Orc:2    | Bought a potion of curing for 48 gold pieces
 20162 | Orc:2    | 20162 ||| BUYING potion of heal wounds (80 gold).
 20162 | Orc:2    | Bought a potion of heal wounds for 80 gold pieces
 20162 | Orc:2    | 20162 ||| BUYING potion of heal wounds (80 gold).
 20162 | Orc:2    | Bought a potion of heal wounds for 80 gold pieces
 20162 | Orc:2    | 20162 ||| BUYING potion of mutation (128 gold).
 20162 | Orc:2    | Bought a potion of mutation for 128 gold pieces
 20163 | Orc:2    | 20163 ||| BUYING potion of attraction (39 gold).
 20163 | Orc:2    | Bought a potion of attraction for 39 gold pieces
 20163 | Orc:2    | 20163 ||| BUYING potion of curing (39 gold).
 20163 | Orc:2    | Bought a potion of curing for 39 gold pieces
 20163 | Orc:2    | 20163 ||| BUYING potion of enlightenment (65 gold).
 20163 | Orc:2    | Bought a potion of enlightenment for 65 gold pieces
 20163 | Orc:2    | 20163 ||| BUYING potion of haste (130 gold).
 20163 | Orc:2    | Bought a potion of haste for 130 gold pieces
 20163 | Orc:2    | 20163 ||| BUYING potion of mutation (104 gold).
 20163 | Orc:2    | Bought a potion of mutation for 104 gold pieces
 20165 | Orc:2    | 20165 ||| BUYING blackened copper ring (130 gold).
 20165 | Orc:2    | Bought a blackened copper ring for 130 gold pieces
 20170 | Orc:2    | 20170 ||| BUYING potion of lignification (33 gold).
 20170 | Orc:2    | Bought a potion of lignification for 33 gold pieces
 20175 | Orc:2    | 20175 ||| INVOKING Heroism.
 20220 | Orc:2    | 20220 ||| DRINKING 9 potions of curing.
 20220 | Orc:2    | 20220 ||| (to cure confusion)
 20243 | Orc:2    | 20243 ||| Stepping ~*~*~tactically~*~*~ (hiding).
 20274 | Orc:2    | Reached skill level 17 in Shields
 20335 | Orc:2    | 20335 ||| INVOKING Heroism.
 20506 | Orc:2    | Found a staircase to the Elven Halls.
 20648 | Orc:2    | 20648 ||| DROPPING ring of fire.
 20655 | Orc:1    | Noticed Nergalle
 20655 | Orc:1    | Noticed Erolcha
 20661 | Orc:1    | 20661 ||| INVOKING Heroism.
 20671 | Orc:1    | Killed Erolcha
 20676 | Orc:1    | Killed Nergalle
 20698 | Orc:1    | Received a gift from Okawaru
 20888 | Orc:2    | 20888 ||| PLANNING SHOALS:1-3
 21064 | Shoals:1 | Entered Level 1 of the Shoals
 21066 | Shoals:1 | 21066 ||| Stepping ~*~*~tactically~*~*~ (hiding).
 21094 | Shoals:1 | Reached skill level 12 in Armour
 21118 | Shoals:1 | 21118 ||| INVOKING Heroism.
 21169 | Shoals:1 | Identified the +1 robe of Xewar {Str-2 Dex+4}
 21185 | Shoals:1 | Received a gift from Okawaru
 21195 | Shoals:1 | 21195 ||| INVOKING Heroism.
 21261 | Shoals:1 | 21261 ||| INVOKING Heroism.
 21293 | Shoals:1 | 21293 ||| Stepping ~*~*~tactically~*~*~ (stealth).
 21294 | Shoals:1 | 21294 ||| Stepping ~*~*~tactically~*~*~ (stealth).
 21330 | Shoals:1 | Received a gift from Okawaru
 21567 | Shoals:1 | 21567 ||| INVOKING Heroism.
 21596 | Shoals:1 | Reached XP level 17. HP: 108/108 MP: 24/24
 21994 | Shoals:2 | 21994 ||| INVOKING Heroism.
 22047 | Shoals:2 | Received a gift from Okawaru
 22060 | Shoals:2 | Noticed a kraken
 22061 | Shoals:2 | 22061 ||| INVOKING Heroism.
 22119 | Shoals:2 | Killed a kraken
 22196 | Shoals:2 | 22196 ||| Stepping ~*~*~tactically~*~*~ (hiding).
 22198 | Shoals:2 | 22198 ||| Stepping ~*~*~tactically~*~*~ (hiding).
 22213 | Shoals:2 | Identified the +2 ring mail of the Land of Plenty {Harm
                  | Rampage +Blink} (Okawaru gifted it to you on level 2 of the
                  | Shoals)
 22213 | Shoals:2 | Received a gift from Okawaru
 22232 | Shoals:2 | 22232 ||| INVOKING Heroism.
 22234 | Shoals:2 | Found Zygisoh's Antique Armour Boutique.
 22306 | Shoals:2 | 22306 ||| INVOKING Heroism.
 22324 | Shoals:2 | 22324 ||| BUYING glowing scarf (216 gold).
 22324 | Shoals:2 | Bought a glowing scarf for 216 gold pieces
 22324 | Shoals:2 | 22324 ||| SHOPLISTING heavily runed fire dragon scales
                  | (1755 gold, have 944).
 22324 | Shoals:2 | 22324 ||| BUYING shiny chain mail (202 gold).
 22324 | Shoals:2 | Bought a shiny chain mail for 202 gold pieces
 22527 | Shoals:2 | 22527 ||| Stepping ~*~*~tactically~*~*~ (hiding).
 22593 | Shoals:2 | 22593 ||| Stepping ~*~*~tactically~*~*~ (hiding).
 22867 | Shoals:2 | 22867 ||| INVOKING Heroism.
 23003 | Shoals:2 | 23003 ||| DROPPING scarf of shadows.
 23004 | Shoals:2 | 23004 ||| DROPPING +3 chain mail of positive energy.
 23070 | Shoals:3 | 23070 ||| INVOKING Heroism.
 23089 | Shoals:3 | 23089 ||| Stepping ~*~*~tactically~*~*~ (cloud).
 23092 | Shoals:3 | 23092 ||| Stepping ~*~*~tactically~*~*~ (cloud).
 23093 | Shoals:3 | 23093 ||| Stepping ~*~*~tactically~*~*~ (cloud).
 23094 | Shoals:3 | 23094 ||| Stepping ~*~*~tactically~*~*~ (cloud).
 23107 | Shoals:3 | 23107 ||| Stepping ~*~*~tactically~*~*~ (cloud).
 23109 | Shoals:3 | 23109 ||| INVOKING Heroism.
 23180 | Shoals:3 | 23180 ||| READING scroll of enchant armour.
 23180 | Shoals:3 | 23180 ||| ENCHANTING +0 pair of gloves.
 23195 | Shoals:3 | 23195 ||| INVOKING Heroism.
 23291 | Shoals:3 | Reached skill level 18 in Shields
 23302 | Shoals:3 | 23302 ||| INVOKING Heroism.
 23674 | Shoals:3 | 23674 ||| Stepping ~*~*~tactically~*~*~ (hiding).
 23675 | Shoals:3 | 23675 ||| Stepping ~*~*~tactically~*~*~ (hiding).
 23736 | Shoals:3 | 23736 ||| Stepping ~*~*~tactically~*~*~ (hiding).
 23865 | Shoals:3 | Found Yegara's Dragon-Slaying Spoils.
 23873 | Shoals:3 | 23873 ||| SHOPLISTING +1 fire dragon scales of Ugaricro
                  | {rF++ rC- Int+7} (1127 gold, have 815).
 23873 | Shoals:3 | 23873 ||| SHOPLISTING +1 gold dragon scales (1131 gold,
                  | have 815).
 23873 | Shoals:3 | 23873 ||| SHOPLISTING +5 ice dragon scales of Dim Light
                  | {rF- rC++ rCorr} (1268 gold, have 815).
 24073 | Shoals:3 | 24073 ||| PLANNING SNAKE:1-3
 24186 | Snake:1  | Entered Level 1 of the Snake Pit
 24501 | Snake:1  | 24501 ||| Stepping ~*~*~tactically~*~*~ (hiding).
 24502 | Snake:1  | 24502 ||| Stepping ~*~*~tactically~*~*~ (hiding).
 24505 | Snake:1  | 24505 ||| Stepping ~*~*~tactically~*~*~ (hiding).
 24560 | Snake:1  | Found Laoz's Distillery.
 24561 | Snake:1  | 24561 ||| Stepping ~*~*~tactically~*~*~ (stealth).
 24563 | Snake:1  | Found Asher's Magic Scroll Boutique.
 24566 | Snake:1  | Reached skill level 15 in Fighting
 24574 | Snake:1  | 24574 ||| BUYING potion of attraction (54 gold).
 24574 | Snake:1  | Bought a potion of attraction for 54 gold pieces
 24574 | Snake:1  | 24574 ||| BUYING potion of attraction (54 gold).
 24574 | Snake:1  | Bought a potion of attraction for 54 gold pieces
 24574 | Snake:1  | 24574 ||| BUYING potion of cancellation (144 gold).
 24574 | Snake:1  | Bought a potion of cancellation for 144 gold pieces
 24574 | Snake:1  | 24574 ||| BUYING potion of heal wounds (90 gold).
 24574 | Snake:1  | Bought a potion of heal wounds for 90 gold pieces
 24574 | Snake:1  | 24574 ||| BUYING potion of might (72 gold).
 24574 | Snake:1  | Bought a potion of might for 72 gold pieces
 24574 | Snake:1  | 24574 ||| BUYING potion of might (72 gold).
 24574 | Snake:1  | Bought a potion of might for 72 gold pieces
 24579 | Snake:1  | 24579 ||| BUYING scroll of teleportation (48 gold).
 24579 | Snake:1  | Bought a scroll of teleportation for 48 gold pieces
 24584 | Snake:1  | Found Viomoaru's Jewellery Boutique.
 24592 | Snake:1  | 24592 ||| SHOPLISTING +5 ring of evasion (432 gold, have
                  | 297).
 24592 | Snake:1  | 24592 ||| SHOPLISTING ring of Cownup {rF+ Str+4 Dex+3} (560
                  | gold, have 297).
 24616 | Snake:1  | 24616 ||| Stepping ~*~*~tactically~*~*~ (hiding).
 24618 | Snake:1  | 24618 ||| Stepping ~*~*~tactically~*~*~ (hiding).
 24672 | Snake:1  | 24672 ||| Stepping ~*~*~tactically~*~*~ (hiding).
 24675 | Snake:1  | 24675 ||| Stepping ~*~*~tactically~*~*~ (hiding).
 24679 | Snake:1  | 24679 ||| INVOKING Heroism.
 24747 | Snake:1  | 24747 ||| Stepping ~*~*~tactically~*~*~ (hiding).
 24750 | Snake:1  | 24750 ||| INVOKING Heroism.
 24792 | Snake:1  | 24792 ||| Stepping ~*~*~tactically~*~*~ (hiding).
 24793 | Snake:1  | 24793 ||| Stepping ~*~*~tactically~*~*~ (hiding).
 24899 | Snake:1  | 24899 ||| INVOKING Heroism.
 25311 | Snake:1  | 25311 ||| Stepping ~*~*~tactically~*~*~ (stealth).
 25327 | Snake:1  | 25327 ||| READING scroll labelled INIPRIZE DAITI.
 25327 | Snake:1  | Identified a scroll of acquirement
 25327 | Snake:1  | 25327 ||| ACQUIRING +1 pair of gloves of the Loofah {*Slow
                  | rF+ Str+3 Int+5}
 25327 | Snake:1  | Acquired the +1 pair of gloves of the Loofah {*Slow rF+
                  | Str+3 Int+5}
 25329 | Snake:1  | 25329 ||| UPGRADING to +1 pair of gloves of the Loofah
                  | {*Slow rF+ Str+3 Int+5}.
 25339 | Snake:1  | 25339 ||| DROPPING +1 pair of gloves.
 25379 | Snake:2  | 25379 ||| Stepping ~*~*~tactically~*~*~ (hiding).
 25397 | Snake:2  | 25397 ||| Stepping ~*~*~tactically~*~*~ (hiding).
 25404 | Snake:2  | 25404 ||| INVOKING Heroism.
 25449 | Snake:2  | 25449 ||| FLEEEEING.
 25450 | Snake:2  | 25450 ||| FLEEEEING.
 25451 | Snake:2  | 25451 ||| FLEEEEING.
 25454 | Snake:2  | 25454 ||| FLEEEEING.
 25455 | Snake:2  | 25455 ||| FLEEEEING.
 25456 | Snake:2  | 25456 ||| STAIRDANCE
 25560 | Snake:2  | 25560 ||| Stepping ~*~*~tactically~*~*~ (hiding).
 25568 | Snake:2  | Reached XP level 18. HP: 119/119 MP: 25/25
 25668 | Snake:2  | 25668 ||| DROPPING +1 hand axe of flaming.
 25680 | Snake:2  | 25680 ||| Stepping ~*~*~tactically~*~*~ (hiding).
 25682 | Snake:2  | 25682 ||| INVOKING Heroism.
 25701 | Snake:2  | 25701 ||| Stepping ~*~*~tactically~*~*~ (hiding).
 25705 | Snake:2  | 25705 ||| Stepping ~*~*~tactically~*~*~ (hiding).
 25716 | Snake:2  | 25716 ||| INVOKING Heroism.
 25724 | Snake:2  | Noticed Vashnia
 25726 | Snake:2  | 25726 ||| Stepping ~*~*~tactically~*~*~ (hiding).
 25728 | Snake:2  | 25728 ||| Stepping ~*~*~tactically~*~*~ (hiding).
 25729 | Snake:2  | 25729 ||| Stepping ~*~*~tactically~*~*~ (hiding).
 25730 | Snake:2  | 25730 ||| Stepping ~*~*~tactically~*~*~ (hiding).
 25731 | Snake:2  | 25731 ||| Stepping ~*~*~tactically~*~*~ (hiding).
 25732 | Snake:2  | 25732 ||| Stepping ~*~*~tactically~*~*~ (hiding).
 25783 | Snake:2  | 25783 ||| Stepping ~*~*~tactically~*~*~ (hiding).
 25786 | Snake:2  | 25786 ||| Stepping ~*~*~tactically~*~*~ (hiding).
 25824 | Snake:2  | Killed Vashnia
 25976 | Snake:2  | 25976 ||| Stepping ~*~*~tactically~*~*~ (hiding).
 26018 | Snake:2  | 26018 ||| Stepping ~*~*~tactically~*~*~ (hiding).
 26019 | Snake:2  | 26019 ||| Stepping ~*~*~tactically~*~*~ (hiding).
 26020 | Snake:2  | 26020 ||| Stepping ~*~*~tactically~*~*~ (hiding).
 26021 | Snake:2  | 26021 ||| Stepping ~*~*~tactically~*~*~ (hiding).
 26022 | Snake:2  | 26022 ||| Stepping ~*~*~tactically~*~*~ (hiding).
 26040 | Snake:2  | 26040 ||| INVOKING Heroism.
 26179 | Snake:2  | 26179 ||| Stepping ~*~*~tactically~*~*~ (hiding).
 26182 | Snake:2  | 26182 ||| Stepping ~*~*~tactically~*~*~ (hiding).
 26754 | Snake:2  | 26754 ||| DROPPING +6 ring of dexterity.
 26801 | Snake:3  | 26801 ||| Stepping ~*~*~tactically~*~*~ (hiding).
 26808 | Snake:3  | 26808 ||| INVOKING Heroism.
 26943 | Snake:3  | 26943 ||| Stepping ~*~*~tactically~*~*~ (hiding).
 26945 | Snake:3  | Noticed Azrael
 26974 | Snake:3  | Killed Azrael
 26979 | Snake:3  | 26979 ||| Stepping ~*~*~tactically~*~*~ (stealth).
 26980 | Snake:3  | 26980 ||| Stepping ~*~*~tactically~*~*~ (stealth).
 27000 | Snake:3  | 27000 ||| Stepping ~*~*~tactically~*~*~ (stealth).
 27074 | Snake:3  | 27074 ||| INVOKING Heroism.
 27116 | Snake:3  | 27116 ||| Stepping ~*~*~tactically~*~*~ (stealth).
 27131 | Snake:3  | Identified the +0 scale mail "Bonliod" {Dex+3} (Okawaru
                  | gifted it to you on level 3 of the Snake Pit)
 27131 | Snake:3  | Received a gift from Okawaru
 27136 | Snake:3  | Noticed Jorgrun
 27173 | Snake:3  | 27173 ||| INVOKING Heroism.
 27175 | Snake:3  | Killed Jorgrun
 27332 | Snake:3  | 27332 ||| INVOKING Heroism.
 27376 | Snake:3  | 27376 ||| INVOKING Heroism.
 27409 | Snake:3  | 27409 ||| Stepping ~*~*~tactically~*~*~ (hiding).
 27427 | Snake:3  | 27427 ||| Stepping ~*~*~tactically~*~*~ (stealth).
 27429 | Snake:3  | 27429 ||| INVOKING Heroism.
 27478 | Snake:3  | 27478 ||| Stepping ~*~*~tactically~*~*~ (hiding).
 27479 | Snake:3  | 27479 ||| Stepping ~*~*~tactically~*~*~ (hiding).
 27521 | Snake:3  | 27521 ||| READING scroll of enchant weapon.
 27521 | Snake:3  | 27521 ||| ENCHANTING +3 vampiric war axe.
 27664 | Snake:3  | 27664 ||| Stepping ~*~*~tactically~*~*~ (hiding).
 27665 | Snake:3  | 27665 ||| Stepping ~*~*~tactically~*~*~ (hiding).
 27666 | Snake:3  | 27666 ||| Stepping ~*~*~tactically~*~*~ (hiding).
 27670 | Snake:3  | 27670 ||| INVOKING Heroism.
 27677 | Snake:3  | 27677 ||| Stepping ~*~*~tactically~*~*~ (hiding).
 28014 | Snake:3  | Reached skill level 15 in Armour
 28283 | Snake:3  | 28283 ||| PLANNING SHOALS:4
 28283 | Snake:3  | 28283 ||| DROPPING scarf of shadows.
 28504 | Shoals:4 | Entered Level 4 of the Shoals
 28505 | Shoals:4 | 28505 ||| INVOKING Heroism.
 28546 | Shoals:4 | Reached skill level 19 in Shields
 28560 | Shoals:4 | 28560 ||| Stepping ~*~*~tactically~*~*~ (stealth).
 28647 | Shoals:4 | 28647 ||| INVOKING Heroism.
 28667 | Shoals:4 | Identified the staff "Nousaeph" {rElec rF- rN+ Necro Tloc}
 28691 | Shoals:4 | 28691 ||| INVOKING Heroism.
 28741 | Shoals:4 | 28741 ||| INVOKING Heroism.
 28753 | Shoals:4 | Received a gift from Okawaru
 28902 | Shoals:4 | 28902 ||| INVOKING Heroism.
 29056 | Shoals:4 | 29056 ||| INVOKING Heroism.
 29107 | Shoals:4 | Reached XP level 19. HP: 128/128 MP: 26/26
 29111 | Shoals:4 | 29111 ||| INVOKING Heroism.
 29165 | Shoals:4 | 29165 ||| INVOKING Heroism.
 29197 | Shoals:4 | 29197 ||| Stepping ~*~*~tactically~*~*~ (hiding).
 29198 | Shoals:4 | 29198 ||| Stepping ~*~*~tactically~*~*~ (hiding).
 29199 | Shoals:4 | 29199 ||| Stepping ~*~*~tactically~*~*~ (hiding).
 29200 | Shoals:4 | 29200 ||| Stepping ~*~*~tactically~*~*~ (hiding).
 29202 | Shoals:4 | Identified the +2 falchion of Termination {protect, *Rage
                  | +Blink Dex+2}
 29278 | Shoals:4 | 29278 ||| INVOKING Heroism.
 29352 | Shoals:4 | 29352 ||| INVOKING Heroism.
 29397 | Shoals:4 | 29397 ||| INVOKING Heroism.
 29506 | Shoals:4 | 29506 ||| Stepping ~*~*~tactically~*~*~ (hiding).
 29658 | Shoals:4 | Got a barnacled rune of Zot
 29712 | Shoals:4 | 29712 ||| PLANNING VAULTS:1-4
 29712 | Shoals:4 | 29712 ||| DROPPING +0 fire dragon scales.
 29713 | Shoals:4 | 29713 ||| UPGRADING to +3 plate armour of fire resistance.
 29961 | Vaults:1 | Entered Level 1 of the Vaults
 30091 | Vaults:1 | 30091 ||| INVOKING Heroism.
 30134 | Vaults:1 | 30134 ||| Stepping ~*~*~tactically~*~*~ (hiding).
 30194 | Vaults:1 | Reached skill level 9 in Throwing
 30338 | Vaults:1 | 30338 ||| Stepping ~*~*~tactically~*~*~ (stealth).
 30340 | Vaults:1 | 30340 ||| Stepping ~*~*~tactically~*~*~ (stealth).
 30474 | Vaults:1 | 30474 ||| Stepping ~*~*~tactically~*~*~ (hiding).
 30475 | Vaults:1 | 30475 ||| Stepping ~*~*~tactically~*~*~ (hiding).
 30478 | Vaults:1 | 30478 ||| INVOKING Heroism.
 30479 | Vaults:1 | 30479 ||| INVOKING Finesse.
 30540 | Vaults:1 | 30540 ||| INVOKING Heroism.
 30566 | Vaults:1 | 30566 ||| DROPPING +9 war axe "Doig" {elec, rPois Str+2}.
 30567 | Vaults:1 | 30567 ||| DROPPING +0 broad axe.
 30690 | Vaults:1 | 30690 ||| FLEEEEING.
 30694 | Vaults:1 | 30694 ||| FLEEEEING.
 30695 | Vaults:1 | 30695 ||| FLEEEEING.
 30699 | Vaults:1 | 30699 ||| FLEEEEING.
 30700 | Vaults:1 | 30700 ||| FLEEEEING.
 30701 | Vaults:1 | 30701 ||| FLEEEEING.
 30707 | Vaults:1 | 30707 ||| FLEEEEING.
 30708 | Vaults:1 | 30708 ||| FLEEEEING.
 30709 | Vaults:1 | 30709 ||| FLEEEEING.
 30715 | Vaults:1 | 30715 ||| FLEEEEING.
 30716 | Vaults:1 | 30716 ||| FLEEEEING.
 30717 | Vaults:1 | 30717 ||| FLEEEEING.
 30718 | Vaults:1 | 30718 ||| FLEEEEING.
 30719 | Vaults:1 | 30719 ||| FLEEEEING.
 30720 | Vaults:1 | 30720 ||| FLEEEEING.
 30721 | Vaults:1 | 30721 ||| FLEEEEING.
 30722 | Vaults:1 | 30722 ||| FLEEEEING.
 30723 | Vaults:1 | 30723 ||| FLEEEEING.
 30724 | Vaults:1 | 30724 ||| FLEEEEING.
 30725 | Vaults:1 | 30725 ||| FLEEEEING.
 30726 | Vaults:1 | 30726 ||| FLEEEEING.
 30727 | Vaults:1 | 30727 ||| FLEEEEING.
 30728 | Vaults:1 | 30728 ||| FLEEEEING.
 30729 | Vaults:1 | 30729 ||| FLEEEEING.
 30730 | Vaults:1 | 30730 ||| FLEEEEING.
 30731 | Vaults:1 | 30731 ||| FLEEEEING.
 30732 | Vaults:1 | 30732 ||| FLEEEEING.
 30733 | Vaults:1 | 30733 ||| FLEEEEING.
 30734 | Vaults:1 | 30734 ||| FLEEEEING.
 30735 | Vaults:1 | 30735 ||| FLEEEEING.
 30736 | Vaults:1 | 30736 ||| FLEEEEING.
 30737 | Vaults:1 | 30737 ||| FLEEEEING.
 30738 | Vaults:1 | 30738 ||| FLEEEEING.
 30739 | Vaults:1 | 30739 ||| FLEEEEING.
 30740 | Vaults:1 | 30740 ||| FLEEEEING.
 30741 | Vaults:1 | 30741 ||| FLEEEEING.
 30742 | Vaults:1 | 30742 ||| FLEEEEING.
 30743 | Vaults:1 | 30743 ||| FLEEEEING.
 30744 | Vaults:1 | 30744 ||| FLEEEEING.
 30745 | Vaults:1 | 30745 ||| FLEEEEING.
 30746 | Vaults:1 | 30746 ||| FLEEEEING.
 30747 | Vaults:1 | 30747 ||| FLEEEEING.
 30748 | Vaults:1 | 30748 ||| FLEEEEING.
 30749 | Vaults:1 | 30749 ||| FLEEEEING.
 30750 | Vaults:1 | 30750 ||| FLEEEEING.
 30751 | Vaults:1 | 30751 ||| FLEEEEING.
 30752 | Vaults:1 | 30752 ||| FLEEEEING.
 30753 | Vaults:1 | 30753 ||| FLEEEEING.
 30754 | Vaults:1 | 30754 ||| FLEEEEING.
 30755 | Vaults:1 | 30755 ||| FLEEEEING.
 30756 | Vaults:1 | 30756 ||| FLEEEEING.
 30757 | Vaults:1 | 30757 ||| FLEEEEING.
 30758 | Vaults:1 | 30758 ||| FLEEEEING.
 30759 | Vaults:1 | 30759 ||| FLEEEEING.
 30760 | Vaults:1 | 30760 ||| FLEEEEING.
 30761 | Vaults:1 | 30761 ||| FLEEEEING.
 30762 | Vaults:1 | 30762 ||| FLEEEEING.
 30763 | Vaults:1 | 30763 ||| FLEEEEING.
 30766 | Vaults:1 | 30766 ||| FLEEEEING.
 30767 | Vaults:1 | 30767 ||| FLEEEEING.
 30770 | Vaults:1 | 30770 ||| STAIRDANCE
 30876 | Vaults:1 | 30876 ||| STAIRDANCE
 30988 | Vaults:1 | 30988 ||| STAIRDANCE
 31166 | Vaults:1 | 31166 ||| Stepping ~*~*~tactically~*~*~ (stealth).
 31169 | Vaults:1 | 31169 ||| Stepping ~*~*~tactically~*~*~ (stealth).
 31341 | Vaults:1 | Found Feebiat's Book Shop.
 31341 | Vaults:1 | Noticed Donald
 31342 | Vaults:1 | 31342 ||| INVOKING Heroism.
 31343 | Vaults:1 | 31343 ||| INVOKING Finesse.
 31352 | Vaults:1 | Killed Donald
 31502 | Vaults:1 | 31502 ||| Stepping ~*~*~tactically~*~*~ (hiding).
 31504 | Vaults:1 | 31504 ||| INVOKING Heroism.
 31528 | Vaults:1 | Received a gift from Okawaru
 31546 | Vaults:1 | Identified the amulet of Makhleb, Changing {Acrobat rC+}
 31608 | Vaults:1 | Paralysed by a great orb of eyes for 2 turns
 31856 | Vaults:2 | 31856 ||| Stepping ~*~*~tactically~*~*~ (hiding).
 31885 | Vaults:2 | Reached skill level 18 in Fighting
 31933 | Vaults:2 | Noticed a tentacled monstrosity
 31934 | Vaults:2 | 31934 ||| Stepping ~*~*~tactically~*~*~ (hiding).
 31935 | Vaults:2 | 31935 ||| INVOKING Heroism.
 31936 | Vaults:2 | 31936 ||| INVOKING Finesse.
 31957 | Abyss:2  | Found a corrupted altar of Lugonu.
 31957 | Abyss:2  | Cast into level 2 of the Abyss (a wizard)
 31984 | Abyss:2  | 31984 ||| Stepping ~*~*~tactically~*~*~ (stealth).
 31996 | Abyss:2  | 31996 ||| Stepping ~*~*~tactically~*~*~ (stealth).
 31998 | Abyss:2  | 31998 ||| Stepping ~*~*~tactically~*~*~ (hiding).
 32103 | Abyss:2  | 32103 ||| Stepping ~*~*~tactically~*~*~ (stealth).
 32115 | Abyss:2  | Received a gift from Okawaru
 32116 | Abyss:2  | 32116 ||| Stepping ~*~*~tactically~*~*~ (stealth).
 32127 | Abyss:2  | 32127 ||| Stepping ~*~*~tactically~*~*~ (stealth).
 32128 | Abyss:2  | 32128 ||| Stepping ~*~*~tactically~*~*~ (hiding).
 32143 | Abyss:2  | 32143 ||| Stepping ~*~*~tactically~*~*~ (stealth).
 32156 | Abyss:2  | 32156 ||| Stepping ~*~*~tactically~*~*~ (hiding).
 32159 | Abyss:2  | 32159 ||| Stepping ~*~*~tactically~*~*~ (hiding).
 32160 | Abyss:2  | 32160 ||| Stepping ~*~*~tactically~*~*~ (hiding).
 32207 | Abyss:2  | 32207 ||| Stepping ~*~*~tactically~*~*~ (stealth).
 32223 | Abyss:2  | 32223 ||| DRINKING 10 potions of curing.
 32223 | Abyss:2  | 32223 ||| (to cure confusion)
 32254 | Abyss:2  | 32254 ||| Stepping ~*~*~tactically~*~*~ (hiding).
 32255 | Abyss:2  | 32255 ||| Stepping ~*~*~tactically~*~*~ (hiding).
 32257 | Abyss:2  | 32257 ||| Stepping ~*~*~tactically~*~*~ (hiding).
 32271 | Abyss:2  | 32271 ||| Stepping ~*~*~tactically~*~*~ (stealth).
 32273 | Abyss:2  | 32273 ||| Stepping ~*~*~tactically~*~*~ (hiding).
 32277 | Abyss:2  | 32277 ||| Stepping ~*~*~tactically~*~*~ (stealth).
 32328 | Abyss:2  | 32328 ||| INVOKING Heroism.
 32345 | Abyss:2  | 32345 ||| Stepping ~*~*~tactically~*~*~ (hiding).
 32346 | Abyss:2  | 32346 ||| Stepping ~*~*~tactically~*~*~ (hiding).
 32358 | Abyss:2  | 32358 ||| Stepping ~*~*~tactically~*~*~ (stealth).
 32373 | Abyss:2  | Noticed a bone dragon
 32384 | Abyss:2  | 32384 ||| INVOKING Heroism.
 32404 | Abyss:2  | Killed a bone dragon
 32404 | Abyss:2  | Received a gift from Okawaru
 32853 | Abyss:2  | 32853 ||| Stepping ~*~*~tactically~*~*~ (stealth).
 32864 | Vaults:2 | Escaped the Abyss
 32865 | Vaults:2 | 32865 ||| INVOKING Heroism.
 32872 | Vaults:2 | Reached XP level 20. HP: 127/136 MP: 22/22
 32966 | Vaults:2 | Received a gift from Okawaru
 33242 | Vaults:2 | Noticed Jory
 33304 | Vaults:2 | Killed Jory
 33339 | Vaults:2 | Found a staircase to the Crypt.
 33341 | Vaults:2 | 33341 ||| INVOKING Heroism.
 33415 | Vaults:2 | Noticed Mara
 33415 | Vaults:2 | 33415 ||| INVOKING Heroism.
 33416 | Vaults:2 | 33416 ||| INVOKING Finesse.
 33434 | Vaults:2 | Noticed qw's illusion
 33436 | Vaults:2 | 33436 ||| DRINKING 9 potions of curing.
 33436 | Vaults:2 | 33436 ||| (to cure confusion)
 33448 | Vaults:2 | Received a gift from Okawaru
 33460 | Vaults:2 | Killed Mara
 33547 | Vaults:2 | 33547 ||| Stepping ~*~*~tactically~*~*~ (stealth).
 33555 | Vaults:2 | 33555 ||| Stepping ~*~*~tactically~*~*~ (hiding).
 33579 | Vaults:2 | Received a gift from Okawaru
 33583 | Vaults:2 | Reached skill level 20 in Shields
 33634 | Vaults:2 | 33634 ||| INVOKING Heroism.
 33923 | Vaults:2 | Found Oliel's Antique Weapon Boutique.
 34338 | Vaults:3 | 34338 ||| Stepping ~*~*~tactically~*~*~ (stealth).
 34352 | Vaults:3 | Paralysed by a great orb of eyes for 4 turns
 34357 | Vaults:3 | 34357 ||| DRINKING 10 potions of curing.
 34357 | Vaults:3 | 34357 ||| (to cure confusion)
 34367 | Vaults:3 | 34367 ||| Stepping ~*~*~tactically~*~*~ (hiding).
 34387 | Vaults:3 | 34387 ||| Stepping ~*~*~tactically~*~*~ (hiding).
 34388 | Vaults:3 | 34388 ||| Stepping ~*~*~tactically~*~*~ (hiding).
 34580 | Vaults:3 | 34580 ||| Stepping ~*~*~tactically~*~*~ (hiding).
 34763 | Vaults:3 | Received a gift from Okawaru
 34795 | Vaults:3 | Identified the +11 arbalest of Tenacity {drain, rElec rPois
                  | rC++}
 34846 | Vaults:3 | 34846 ||| FLEEEEING.
 35008 | Vaults:3 | Received a gift from Okawaru
 35059 | Vaults:3 | 35059 ||| INVOKING Heroism.
 35069 | Vaults:3 | Paralysed by a floating eye for 4 turns
 35083 | Vaults:3 | Paralysed by a great orb of eyes for 3 turns
 35087 | Vaults:3 | Paralysed by a floating eye for 3 turns
 35087 | Vaults:3 | HP: 34/137 [storm dragon (2)]
 35088 | Vaults:3 | HP: 16/137 [ghostly titan/bolt of lightning (19)]
 35089 | Vaults:3 | Killed from afar by an ironbound frostheart

Levels and vault maps discovered:
D:1:      dpeg_arrival_simpleton_a, layout_loops_ring, solitary_fountain
D:2:      layout_basic, serial_shops, nicolae_shop_behind_doors, shop,
          nicolae_shop_competitors_out_of_business, uniq_crazy_yiuf_cottage
D:3:      layout_loops_cross, lemuel_round_altar, gup_sewer_entry_pipe
D:4:      layout_loops_ring, nicolae_gozag_zags_fifth_avenue,
          chequers_temple_overflow_minitemple
D:5:      layout_loops_ring, serial_shops, nicolae_shop_peninsula
D:6:      layout_basic, minmay_temple_entry_waves, minmay_liquid_box,
          kennysheep_opposing_triangles, uniq_sigmund
D:7:      layout_loops_corners, zin_treasury, serial_shops, nicolae_diamond_shop
D:8:      layout_cave_pools, hellmonk_lair_entry_icy, serial_rivers,
          chequers_serial_rivers_small_a, chequers_serial_rivers_micro_b,
          chequers_serial_rivers_micro_e, chequers_serial_rivers_micro_c,
          skrybe_limestone_x, uniq_grum
D:9:      layout_long_grid, kennysheep_just_a_vault
D:10:     layout_rooms, orc_david_3, serial_aquarium, aquarium_bridge_straight
          [aquarium_subvault_bridge, aquarium_subvault_wall,
          aquarium_subvault_bridge, aquarium_subvault_window],
          aquarium_bridge_square [aquarium_subvault_bridge,
          aquarium_subvault_bridge, aquarium_subvault_wall,
          aquarium_subvault_window], aquarium_window_fake, aquarium_window_3,
          aquarium_view_2e, aquarium_pool_corner
D:11:     layout_loops_cross, hangedman_abyss_or_decor_passed
D:12:     layout_roguey, hellmonk_guarded_unrand_vitality_bloodlust
D:13:     nicolae_cairo_tiling, layout_cave_pods, erik_vaults_2, drop_trap,
          nicolae_xom_altar_mimics
D:14:     layout_roguey, portal_ice_cave_entry_ugly_swarm,
          minmay_misc_feat_roman, grunt_tough_drop, uniq_louise, uniq_nessos
D:15:     gammafunk_enter_depths_forms, layout_loops_ring,
          nicolae_hepliaklqana_hazy_memory
Temple:   compressed_dpeg_circular_temple
Lair:1:   layout_regular_city
Lair:2:   layout_roguey, minivault_27, dreamdust_mushroom_princess,
          pdpol_lair_neglected_garden
Lair:3:   nzn_winding_woodlands_three_and_one
          [nzn_winding_woodlands_5x15_garden,
          nzn_winding_woodlands_5x15_split_checker,
          nzn_winding_woodlands_5x15_parted,
          nzn_winding_woodlands_center_diamonds], layout_cave_pods,
          minmay_shoals_entry_lonely_mermaid, guppyfry_snake_entry_garden,
          beast_lair_carwin_3
Lair:4:   layout_roguey, dpeg_slime_entry_corner, lookout_lair_type,
          infiniplex_staircase_pool
Lair:5:   minmay_lair_end_frog_pond, layout_loops_ring, special_room
          [special_room_mythical_zoo], enter_volcano_3
Shoals:1: layout_shoals
Shoals:2: layout_shoals, serial_shops, shop
Shoals:3: layout_shoals, nicolae_shoals_lost_giant_pillars,
          nicolae_shop_dragon_depot, st_cyclops
Shoals:4: shoals_end_simple, layout_shoals
Snake:1:  layout_onion_interference, nicolae_snake_serpentine_bazaar
Snake:2:  layout_honeycomb, uniq_vashnia
Snake:3:  nicolae_snakescales, layout_chambers, nicolae_snake_shapes,
          uniq_azrael, uniq_jorgrun
Orc:1:    layout_caves, serial_shops, nicolae_shop_statue_plus, uniq_nergalle,
          uniq_erolcha
Orc:2:    st_orc_rangers, layout_diamond_mine, basic_altar
Vaults:1: nicolae_vaults_big_angled_halls,
          vaults_standard_mumra_enter_the_diamond, nicolae_vaults_tangram_2,
          nicolae_vaults_murder_corner, v_rooms_5, nicolae_vaults_weapon_check,
          vaults_dpeg_ring, nicolae_vaults_little_ls,
          nicolae_vaults_tetromino_Z_1, layout_vaults_omnigrid, serial_shops,
          nicolae_shop_tiny_glass, uniq_donald
Vaults:2: nicolae_vaults_storage_room_water,
          nicolae_vaults_offset_grid_hallway_1, nicolae_vaults_frosty_reception,
          v_misc_27, minmay_crypt_entry_simple_sparse, ontoclasm_vaults_shout,
          nicolae_vaults_inception_scallops, hangedman_vaults_nodes,
          hangedman_vaults_nails, nicolae_vaults_big_angled_halls,
          nicolae_vaults_storage_closets_1, nicolae_vaults_tetromino_L_1,
          nicolae_vaults_closet_pinwheel_4, vaults_room_door_ring,
          ontoclasm_vaults_twist, nicolae_vaults_trapezoid_lopsided_1,
          layout_vaults_maze_bifur, serial_shops, nicolae_shop_advertising_works
          [nicolae_subvault_shop_adworks], uniq_jory, uniq_mara
Vaults:3: nicolae_vaults_more_shelving_1, nicolae_vaults_yaktaur_gun_rack,
          nicolae_vaults_tetromino_Z_1, v_pattern_3,
          nicolae_vaults_little_squares_2, ontoclasm_vaults_eye, v_rooms_4,
          nicolae_vaults_stepped_doors, st_greater_box_2, layout_vaults_omnibox,
          serial_shops, nicolae_shop_peninsula

Skill      XL: |  1  2  3  4  5  6  7  8  9 10 11 12 13 14 15 16 17 18 19 20 |
---------------+-------------------------------------------------------------+-----
Axes           | 2 3 4 5 6 7 9 10 11 12 14 15 16 | 16.0
Throwing       | 1 2 3 4 5 7 9 10 | 10.0
Fighting       | 4 5 6 8 10 11 12 13 15 17 18 19 | 19.0
Dodging        | 1 2 3 4 5 |  5.0
Shields        | 5 9 11 12 13 14 15 16 17 18 19 20 | 20.0
Invocations    | 4 6 10 | 10.0
Armour         | 4 5 6 7 8 9 12 14 15 16 17 | 17.4

Action                     |  1- 3 |  4- 6 |  7- 9 | 10-12 | 13-15 | 16-18 | 19-21 || total
---------------------------+-------+-------+-------+-------+-------+-------+-------++-------
  Melee: War axe           |    99 |   134 |   319 |   535 |  1270 |  2228 |  1262 ||  5847
         Flail             |       |       |       |    22 |       |       |       ||    22
         Hand axe          |       |       |       |       |    41 |       |       ||    41
  Throw: Javelin           |    10 |    31 |    20 |    46 |   156 |    20 |   105 ||   388
         Boomerang         |       |       |    89 |    22 |    64 |   138 |     7 ||   320
 Invoke: Heroism           |       |       |     6 |    22 |    26 |    44 |    18 ||   116
         Finesse           |       |       |       |     2 |     6 |       |     4 ||    12
    Use: Scroll            |     4 |     7 |     7 |     5 |     8 |     4 |       ||    35
         Potion            |       |     3 |     6 |     1 |       |     1 |     3 ||    14
 Armour: Scale mail        |    45 |    16 |       |       |       |       |       ||    61
         Chain mail        |       |    61 |    92 |       |   129 |       |       ||   282
         Plate armour      |       |       |    10 |   172 |   171 |   539 |   400 ||  1292
  Dodge: Dodged            |    46 |    41 |   113 |   157 |   270 |   463 |   301 ||  1391
         Repelled          |       |       |       |       |     1 |    22 |     4 ||    27
  Block: Buckler           |    25 |    49 |    10 |       |       |       |       ||    84
         Tower shield      |       |       |   351 |   646 |  1705 |  2732 |  1259 ||  6693
         Reflection        |       |       |    12 |    10 |    22 |       |       ||    44

Table legend:
 A = Non-vault XP
 B = Vault XP
 C = Vault XP percentage of total XP
 D = Non-vault monster count
 E = Vault monster count
 F = Vault count percentage of total count
                 A         B        C        D         E       F
            +---------+---------+-------+---------+---------+-------
      Total |  292587 |  166469 |  36.3 |     898 |     336 |  27.2
            +---------+---------+-------+---------+---------+-------
        D:1 |      42 |       0 |   0.0 |      27 |       0 |   0.0
        D:2 |      95 |       0 |   0.0 |      26 |       0 |   0.0
        D:3 |     167 |      12 |   6.7 |      21 |       6 |  22.2
        D:4 |     345 |       0 |   0.0 |      21 |       0 |   0.0
        D:5 |     721 |       0 |   0.0 |      23 |       0 |   0.0
        D:6 |     544 |     411 |  43.0 |      10 |       5 |  33.3
        D:7 |    1105 |       0 |   0.0 |      30 |       0 |   0.0
        D:8 |    1703 |    2383 |  58.3 |      24 |      14 |  36.8
        D:9 |    2052 |     883 |  30.1 |      22 |       1 |   4.3
       D:10 |    2174 |     668 |  23.5 |       7 |       5 |  41.7
       D:11 |    3274 |       0 |   0.0 |      15 |       0 |   0.0
       D:12 |    5456 |    2099 |  27.8 |      26 |       3 |  10.3
       D:13 |    3602 |    7809 |  68.4 |      15 |      10 |  40.0
       D:14 |   11228 |    8233 |  42.3 |      24 |      14 |  36.8
       D:15 |   15641 |    5154 |  24.8 |      29 |       7 |  19.4
     Lair:1 |    5392 |       0 |   0.0 |      23 |       0 |   0.0
     Lair:2 |    6987 |       0 |   0.0 |      15 |       0 |   0.0
     Lair:3 |    1867 |    6010 |  76.3 |       5 |      20 |  80.0
     Lair:4 |    9321 |     839 |   8.3 |      31 |       1 |   3.1
     Lair:5 |   13969 |   15973 |  53.3 |      42 |      60 |  58.8
   Shoals:1 |   18152 |       0 |   0.0 |      35 |       0 |   0.0
   Shoals:2 |   23760 |       0 |   0.0 |      42 |       0 |   0.0
   Shoals:3 |   15299 |    4800 |  23.9 |      33 |       8 |  19.5
   Shoals:4 |   22094 |   18894 |  46.1 |      44 |      35 |  44.3
    Snake:1 |   13703 |       0 |   0.0 |      29 |       0 |   0.0
    Snake:2 |   12272 |    6123 |  33.3 |      22 |       5 |  18.5
    Snake:3 |   20260 |   14217 |  41.2 |      37 |      27 |  42.2
      Orc:1 |    4936 |    1634 |  24.9 |      46 |       2 |   4.2
      Orc:2 |    3074 |    6361 |  67.4 |      35 |      36 |  50.7
   Vaults:1 |   25425 |    8943 |  26.0 |      40 |      11 |  21.6
   Vaults:2 |   15516 |   36649 |  70.3 |      22 |      41 |  65.1
   Vaults:3 |    2426 |   18221 |  88.3 |       6 |      22 |  78.6
    Abyss:2 |   29985 |       0 |   0.0 |      71 |       0 |   0.0
      Sewer |       0 |     153 | 100.0 |       0 |       3 | 100.0
            +---------+---------+-------+---------+---------+-------
